 Dungeon Crawl Stone Soup version 0.21-a0-426-g98080a9 (webtiles) character file.

1185944 4thArraOfDagon the Archmage (level 27, -5/183 (185) HPs)
             Began as a Deep Elf Artificer on Nov 5, 2017.
             Was the Champion of Nemelex Xobeh.
             Slain by an iron giant
             ... wielding a cursed +0 giant club
              (21 damage)
             ... on level 7 of the Iron City of Dis on Nov 6, 2017.
             The game lasted 09:28:52 (57456 turns).

4thArraOfDagon the Archmage (Deep Elf Artificer)   Turns: 57456, Time: 09:28:53

HP:   -5/183 (185)  AC: 20    Str:  9    XL:     27
MP:   45/60         EV:  2    Int: 37    God:    Nemelex Xobeh [******]
Gold: 1056          SH:  0    Dex: 22    Spells: 1/80 levels left

rFire    + + +     SeeInvis .   s - staff of energy {!a}
rCold    + + +     Gourm    .   (no shield)
rNeg     + + +     Faith    .   U - +2 robe {Archmagi}
rPois    ∞         Spirit   .   K - +0 Maxwell's etheric cage {RegenMP+ *Contam rElec MP+4}
rElec    +         Reflect  .   I - +3 cloak "Cidwuax" {+Inv rF+ rC++ Int-2 Dex+2}
rCorr    +         Harm     .   B - +2 pair of gloves of Twilight {*Drain +Inv rF+ rN++}
MR       +++++                  S - +2 pair of boots {Fly}
Stlth    +++++++++.             M - amulet "Purottug" {rElec MR+ Regen+ Int+3}
HPRegen  0.80/turn              T - ring of Ahem {+Blink +Fly rF+ EV+6 Dex+3} MPRegen 0.87/turn*
                                G - ring of Douni {rCorr *Drain rC+ MR+ Int+8}

@: lich-form, petrified, slightly contaminated
A: claws 2, agile 1, blink, cold resistance 1, deformed body, deterioration 1,
dopey 1
}: 12/15 runes: barnacled, slimy, silver, golden, icy, abyssal, demonic,
glowing, magical, fiery, dark, gossamer
a: End Transformation, Blink, Triple Draw, Deal Four, Stack Five, Renounce
Religion, Evoke Blink, Evoke Invisibility, Evoke Flight


You were on level 7 of the Iron City of Dis.
You worshipped Nemelex Xobeh.
Nemelex Xobeh was exalted by your worship.
You were not hungry.
You were a lich.
You visited 14 branches of the dungeon, and saw 69 of its levels.
You visited Pandemonium 1 time, and saw 22 of its levels.
You visited the Abyss 1 time.
You visited 2 ziggurats, and saw 37 of their levels (deepest: 22).
You also visited: Ossuary and Ice Cave.

You collected 5934 gold pieces.
You spent 4878 gold pieces at shops.

Inventory:

Hand Weapons
 V - the +9 lajatang of Voneopt {slice, +Blink rF- rC++ Int+10}
   (You found it on level 5 of the Pits of Slime)

   It inflicts extra damage upon your enemies.
   It affects your intelligence (+10).
   It makes you vulnerable to fire.
   It greatly protects you from cold.
   It lets you blink.
Missiles
 t - 14 throwing nets (quivered)
Armour
 B - the +2 pair of gloves of Twilight (worn) {*Drain +Inv rF+ rN++}
   (You acquired it on level 4 of the Abyss)

   It protects you from fire.
   It greatly protects you from negative energy.
   It lets you turn invisible.
   It causes draining when unequipped.
 I - the +3 cloak "Cidwuax" (worn) {+Inv rF+ rC++ Int-2 Dex+2}
   (You acquired it on level 7 of a ziggurat)

   It affects your intelligence (-2).
   It affects your dexterity (+2).
   It protects you from fire.
   It greatly protects you from cold.
   It lets you turn invisible.
 K - the +0 Maxwell's etheric cage (worn) {RegenMP+ *Contam rElec MP+4}
   (You found it on level 15 of a ziggurat)

   It insulates you from electricity.
   It affects your magic capacity (+4).
   It causes magical contamination when unequipped.
 S - a +2 pair of boots of flying (worn)
 U - a +2 robe of the Archmagi (worn)
Magical Staves
 s - an uncursed staff of energy (weapon) {!a}
Jewellery
 b - an uncursed ring of see invisible
 G - the ring of Douni (right hand) {rCorr *Drain rC+ MR+ Int+8}
   (You took it off a big kobold on level 13 of the Dungeon)

   [ring of resist corrosion]

   It affects your intelligence (+8).
   It protects you from cold.
   It affects your resistance to hostile enchantments.
   It causes draining when unequipped.
 M - the amulet "Purottug" (around neck) {rElec MR+ Regen+ Int+3}
   (You found it on level 10 of a ziggurat)

   [amulet of regeneration]

   It affects your intelligence (+3).
   It insulates you from electricity.
   It affects your resistance to hostile enchantments.
   It increases your rate of regeneration.
 Q - the ring "Sagikyczie" {rCorr rF+ rN+ Str+6}
   (You found it on level 21 of a ziggurat)

   [ring of resist corrosion]

   It affects your strength (+6).
   It protects you from fire.
   It protects you from negative energy.
 T - the ring of Ahem (left hand) {+Blink +Fly rF+ EV+6 Dex+3}
   (You found it on level 11 of a ziggurat)

   [ring of evasion]

   It affects your evasion (+6).
   It affects your dexterity (+3).
   It protects you from fire.
   It lets you fly.
   It lets you blink.
Wands
 k - a wand of digging (17/24)
Scrolls
 d - 6 scrolls of summoning
 e - 3 scrolls of magic mapping
 g - 6 scrolls of fear
 h - 17 scrolls of fog
 w - 17 scrolls of remove curse
 D - 10 scrolls of blinking
 P - 7 scrolls of teleportation
 R - 3 scrolls of recharging
 X - 11 scrolls of holy word
Potions
 i - 3 potions of magic
 m - 9 potions of ambrosia
 p - 7 potions of haste
 q - 5 potions of heal wounds
 r - 7 potions of agility
 v - 8 potions of flight
 y - 3 potions of invisibility
 z - 13 potions of curing
 N - 14 potions of mutation
 O - a potion of brilliance
 Y - 6 potions of cancellation
Miscellaneous
 a - an ornate deck of destruction {the Orb, left: 5}
 c - an ornate deck of escape {the Tomb, left: 5}
 l - an ornate deck of destruction {the Orb, left: 5}
 n - a legendary deck of destruction {the Storm, left: 4}
 o - a legendary deck of escape {the Tomb, left: 5}
 u - an ornate deck of destruction {Vitriol, left: 5}
 x - an ornate deck of escape {the Cloud, left: 4}
 A - a legendary deck of escape {the Elixir, left: 5}
 C - an ornate deck of summoning {the Rangers, left: 5}
 E - an ornate deck of destruction {Vitriol, left: 4}
 F - an ornate deck of escape {the Cloud, left: 4}
 H - an ornate deck of escape {the Elixir, left: 5}
 J - a lightning rod (4/4)
 L - a legendary deck of destruction {the Orb, left: 5}
 Z - 8 boxes of beasts
Comestibles
 j - 29 meat rations


   Skills:
 * Level 22.3 Fighting
   Level 2.1 Short Blades
   Level 7.1 Slings
 - Level 17.0 Dodging
 - Level 24.0 Stealth
 O Level 27 Spellcasting
 - Level 14.6 Conjurations
   Level 1.0 Hexes
 - Level 14.8 Charms
 - Level 15.1 Necromancy
 - Level 15.2 Translocations
 - Level 11.6 Transmutations
 - Level 15.9 Fire Magic
   Level 0.7 Ice Magic
 - Level 22.1 Air Magic
 - Level 20.0 Earth Magic
 - Level 22.2 Invocations
 - Level 10.0 Evocations


You had one spell level left.
You knew the following spells:

 Your Spells              Type           Power        Failure   Level  Hunger
a - Orb of Destruction    Conj           ########..   1%          7    N/A
b - Shatter               Erth           ########..   9%          9    N/A
c - Passage of Golubria   Tloc           N/A          0%          4    N/A
d - Controlled Blink      Tloc           N/A          4%          8    N/A
e - Regeneration          Chrm/Necr      #########.   0%          3    N/A
f - Death's Door          Chrm/Necr      #########.   4%          8    N/A
g - Iron Shot             Conj/Erth      ########..   1%          6    N/A
h - Statue Form           Tmut/Erth      ########.    1%          6    N/A
i - Necromutation         Tmut/Necr      ########..   10%         8    N/A
j - Ignition              Fire           ########..   3%          8    N/A
k - Apportation           Tloc           ######       0%          1    N/A
l - Tornado               Air            ########..   4%          9    N/A
m - Blink                 Tloc           N/A          0%          2    N/A

Dungeon Overview and Level Annotations

Branches:
Dungeon (15/15)            Temple (0/1) D:5            Lair (6/6) D:9
 Shoals (4/4) Lair:2       Spider (4/4) Lair:3        Slime (5/5) Lair:6
    Orc (2/2) D:9             Elf (3/3) Orc:2        Vaults (5/5) D:14
  Crypt (3/3) Vaults:3       Tomb (3/3) Crypt:3      Depths (5/5) D:15
   Hell (1/1)                 Dis (7/7) Hell            Coc (7/7) Hell
    Zot (0/5) Depths:5
    Geh: Hell:1         Tar: Hell:1

Altars:
Cheibriados
Dithmenos
Elyvilon
Fedhas
Gozag
Hepliaklqana
Kikubaaqudgha
Nemelex Xobeh
Okawaru
Ru
Sif Muna
Uskayaw
Wu Jian
Xom
Yredelemnul
Zin
Jiyva

Shops:
D:5 *   D:6 *   D:10 !   D:14 =*   Orc:2 *[(:   Elf:1 }   Elf:2 *   Shoals:2 %
Shoals:3 (?   Vaults:1 %   Depths:2 ([*(   Depths:4 *

Portals:
Hell: Depths:1 Depths:2 Depths:3 Depths:5
Abyss: Depths:3 Depths:4
Pandemonium: Depths:3

Annotations:
D:12 Frances
Elf:2 exclusion: upstairs


Innate Abilities, Weirdness & Mutations

You have very sharp fingernails.
You are agile. (Dex +2)
You can translocate small distances at will.
Your flesh is cold resistant. (rC+)
Armour fits poorly on your strangely shaped body.
Your body sometimes deteriorates upon taking damage.
You are dopey. (Int -2)


Message History

The quicksilver dragon claws you but does no damage.
You have turned to stone.
You kill the quicksilver dragon!
The iron giant points at you and mumbles some strange words.
Helpless, you fail to dodge the iron shot.
You hear a deafening roar!
The iron giant hits you with a giant club!
The winds around you start to calm down.
You float gracefully downwards.
The iron giant hits you with a giant club!!!
* * * LOW HITPOINT WARNING * * *
The iron giant casts a spell at you. The iron shot hits you!
* * * LOW HITPOINT WARNING * * *
The winds around you calm down.
The iron giant hits you with a giant club.
* * * LOW HITPOINT WARNING * * *
The iron giant hits you with a giant club!!!
You die...
Your body disappears without a glow.

.......... #......#
.......... #......#
....#'##..###......#
#...#..#..##.......# . #...#
(#..##.......#######..
#..)####..###...............
'..........##...............
#..........##............#
.........[.###..L........+
.......%)...##.C.........#
........)...####'##......#
.........).).##...#.........
..####........#...#.....C...
..#$.'....%...#%..#.........
..#$.#.......%'...#.........
..####%.).....#...###.......
..............######


You could see an iron giant.

Vanquished Creatures
  the Royal Jelly (Slime:5)
  A seraph (Pan)
  A pandemonium lord (Zig:4)
  An orb of fire (Zig:8)
  4 ancient liches
  2 juggernauts
  21 greater mummies
  Sojobo (Depths:4)
  Boris (Vaults:5)
  Margery (Depths:5)
  2 shard shrikes
  4 caustic shrikes
  Geryon (Hell)
  Jory (Tomb:1)
  9 golden dragons
  Nikola (Elf:3)
  2 profane servitors
  5 bone dragons
  Arachne (Spider:3)
  3 electric golems (Zig:22)
  A hellephant (Hell)
  A Tzitzimitl (Pan)
  A doom hound (Zig:6)
  11 liches
  3 Brimstone Fiends
  5 iron giants
  14 Ice Fiends
  3 Hell Sentinels
  13 tentacled monstrosities
  13 titans
  5 quicksilver dragons
  5 deep elf master archers
  4 deep elf blademasters
  21 acid blobs
  An eldritch tentacle (Abyss:4)
  8 sphinxes
  21 ancient champions
  8 tentacled starspawn
  Polyphemus (Shoals:2)
  13 Executioners (Pan)
  4 thorn hunters
  9 shadow dragons
  8 tengu reavers
  13 storm dragons
  Ilsuiw (Shoals:4)
  11 fire giants
  A draconian monk (Zig:13)
  8 revenants
  7 nagarajas
  16 azure jellies
  4 daevas
  2 draconian knights (Zig:12)
  10 frost giants
  2 corrupters (Pan)
  3 deep elf sorcerers
  5 orc warlords
  15 balrugs
  Aizul (Vaults:1)
  5 iron dragons
  6 warmongers (Pan)
  6 draconian scorchers
  7 cacodemons (Pan)
  5 emperor scorpions
  10 vault wardens
  8 angels (Pan)
  6 ghouls
  Louise (Depths:3)
  6 ghost moths
  A draconian stormcaller (Zig:12)
  5 deep elf elementalists
  18 ironheart preservers
  14 reapers
  4 curse skulls
  An elemental wellspring (Coc:7)
  6 draconian annihilators
  4 draconian shifters
  A juggernaut skeleton (Zig:20)
  20 stone giants
  9 vampire knights
  19 very ugly things
  9 ophanim (Pan)
  10 bennus
  A spriggan defender (Depths:4)
  9 entropy weavers
  2 blood saints (Pan)
  3 apis (Pan)
  A black draconian (Zig:13)
  16 war gargoyles
  5 green draconians
  5 black suns (Pan)
  11 deep elf demonologists
  3 lorocyprocas
  9 spark wasps
  6 white draconians
  6 yellow draconians
  12 deep elf annihilators
  2 red draconians
  3 purple draconians
  21 merfolk javelineers
  5 eidola
  21 blizzard demons
  17 deep elf death magi
  19 death oozes
  13 ettins
  5 jiangshi
  17 merfolk impalers
  21 mummy priests
  13 green deaths
  Josephine (Shoals:1)
  A kraken zombie (Hell)
  2 quicksilver dragon zombies
  17 yaktaur captains
  14 ice dragons
  7 fire dragons
  2 crystal guardians (D:13)
  11 great orbs of eyes
  A caustic shrike simulacrum (Depths:2)
  5 deep elf high priests
  28 vault guards
  3 catoblepae
  A hell beast (Pan)
  20 rakshasas
  6 monstrous demonspawn (Pan)
  2 quicksilver dragon skeletons
  25 hydras
  4 merfolk avatars
  13 spriggan air magi
  2 alligator snapping turtles
  38 two-headed ogres
  6 ghost crabs
  2 two-headed ogres (shapeshifter)
  An anaconda (shapeshifter) (Vaults:5)
  2 death knights
  12 merfolk aquamancers
  14 centaur warriors
  3 death yaks
  A satyr (shapeshifter) (Depths:2)
  10 satyrs
  17 death scarabs
  6 orc high priests
  6 alligators
  15 ogre magi
  4 deep troll shamans
  9 deep troll earth magi
  9 vampire magi
  4 titan zombies
  3 hell hogs (Abyss:4)
  28 dancing weapons
  A shock serpent (shapeshifter) (Depths:1)
  20 thrashing horrors
  9 shock serpents
  A spriggan berserker (Depths:4)
  5 naga sharpshooters
  20 hell knights
  18 soul eaters
  27 sun demons
  3 storm dragon zombies
  15 deep elf knights
  2 titan skeletons
  A spatial maelstrom (Zig:20)
  10 wretched stars
  3 infernal demonspawn (Pan)
  42 skeletal warriors
  A spark wasp zombie (Zig:2)
  14 shadow wraiths
  10 sea snakes
  A fire crab (Zig:8)
  2 golden dragon zombies
  8 anaconda zombies
  9 iron trolls
  A deep troll (shapeshifter) (Vaults:4)
  A fire crab (shapeshifter) (Abyss:4)
  7 flayed ghosts
  5 sixfirhies (Pan)
  9 cherubim (Pan)
  2 ghost moth zombies
  A naga ritualist (Zig:10)
  17 wizards
  10 deep elf archers
  15 starcursed masses
  3 torturous demonspawn (Pan)
  8 gelid demonspawn (Pan)
  An obsidian statue (Zig:8)
  3 spriggan druids
  24 deep trolls
  11 glowing orange brains
  A shadow demon (Depths:1)
  15 swamp dragons
  2 death drakes
  52 harpies
  An orange crystal statue (D:13)
  7 unseen horrors
  16 necromancers
  16 orc knights
  9 phantasmal warriors
  7 shambling mangroves
  An anaconda skeleton (Hell)
  16 ironbrand convokers
  22 cyclopes
  21 orb spiders
  46 ugly things
  2 shadow dragon skeletons
  A wolf spider zombie (Coc:7)
  A mana viper (Zig:9)
  2 mana vipers (shapeshifter)
  7 shining eyes
  27 fauns
  A fire giant zombie (Hell)
  4 frost giant zombies
  9 orc sorcerers
  58 deep elf magi
  44 wolf spiders
  4 salamanders
  5 stone giant zombies
  18 manticores
  33 large abominations
  5 oklob plants
  105 slime creatures
  A tengu skeleton (Zig:6)
  An iron dragon skeleton (Tomb:1)
  6 moths of wrath
  2 moths of wrath (shapeshifter)
  4 stone giant skeletons
  3 centaur zombies
  3 guardian serpents
  A guardian serpent (shapeshifter) (Zig:14)
  19 black mambas
  17 merfolk sirens
  2 dire elephant zombies
  2 ice statues
  2 frost giant skeletons
  8 naga magi
  7 eyes of devastation
  17 rust devils
  17 vault sentinels
  18 water nymphs
  2 water nymphs (shapeshifter)
  15 orange demons
  27 smoke demons
  3 gargoyles
  A black mamba (shapeshifter) (Zig:16)
  2 torpor snails
  16 spiny frogs
  5 rime drakes
  40 yaktaurs
  2 grey draconian zombies
  A dire elephant skeleton (Hell)
  A yaktaur zombie (D:15)
  2 komodo dragons
  2 kobold demonologists
  2 efreet (Pan)
  36 ice devils
  8 hellions
  21 hellwings
  15 demonic crawlers
  A komodo dragon (shapeshifter) (Vaults:3)
  17 freezing wraiths
  33 guardian mummies
  2 hydra zombies
  A spriggan skeleton (D:15)
  A queen bee (shapeshifter) (Vaults:5)
  3 tengu conjurers
  13 tormentors
  8 ancient zymes
  A golden dragon simulacrum (Coc:2)
  10 trolls
  14 red devils
  A jumping spider (shapeshifter) (Vaults:5)
  24 polar bears
  57 merfolk
  46 jumping spiders
  5 hydra skeletons
  4 tyrant leeches
  2 wind drakes (shapeshifter)
  12 bog bodies
  A moth of wrath zombie (Crypt:1)
  24 hornets
  11 wind drakes
  27 raiju
  11 blink frogs
  A tyrant leech (shapeshifter) (Zig:14)
  A sphinx simulacrum (Depths:2)
  4 dream sheep
  3 fire dragon zombies
  A frost giant simulacrum (Vaults:2)
  10 hippogriffs
  2 alligator zombies
  2 spriggan zombies
  13 snapping turtles
  31 flying skulls
  4 spriggans
  A black mamba zombie (Dis:4)
  A redback (shapeshifter) (Depths:4)
  2 ettin skeletons
  38 tarantellas
  12 wyverns
  An ice dragon skeleton (Tomb:1)
  71 redbacks
  20 air elementals
  9 wraiths
  A dire elephant simulacrum (Hell)
  A fire dragon skeleton (Coc:7)
  2 tarantellas (shapeshifter)
  A black mamba skeleton (Pan)
  27 ushabtiu
  38 water elementals
  8 shadows
  A vampire (D:15)
  An elf simulacrum (Zig:20)
  A wyvern (shapeshifter) (Depths:2)
  6 fire elementals
  19 ynoxinuls
  An alligator skeleton (Hell)
  7 basilisks
  15 golden eyes
  48 yaks
  17 vampire mosquitoes
  17 neqoxecs
  3 steam dragons (Lair:6)
  2 yaktaur simulacra
  A hungry ghost (D:15)
  A steam dragon (shapeshifter) (D:14)
  Menkaure (D:4)
  A harpy simulacrum (Coc:3)
  A swamp worm (shapeshifter) (Zig:14)
  12 chaos spawn
  9 insubstantial wisps
  A soldier ant (shapeshifter) (Zig:14)
  10 wargs
  An acid dragon (Vaults:1)
  2 nagas
  A tengu zombie (Zig:6)
  2 spiny frog zombies
  2 hydra simulacra
  12 hell hounds
  6 porcupines
  17 water moccasins
  2 floating eyes (shapeshifter)
  A floating eye (Pan)
  A meliai simulacrum (D:15)
  9 swamp drakes
  2 sky beasts
  3 black bears
  17 ice beasts
  37 orc warriors
  5 necrophages
  2 spiny frog skeletons
  2 snapping turtle zombies
  6 phantoms
  A swamp dragon zombie (Dis:4)
  14 eyes of draining
  2 hornet zombies
  An ettin simulacrum (Coc:2)
  An ice dragon simulacrum (Coc:3)
  A tengu (shapeshifter) (Depths:4)
  39 centaurs
  34 ogres
  31 wolves
  A manticore skeleton (Crypt:3)
  3 boggarts (D:15)
  A dream sheep skeleton (Crypt:2)
  2 swamp dragon skeletons
  16 crocodiles
  3 big kobolds
  9 small abominations
  16 bullfrogs
  A human zombie (Vaults:2)
  2 wyvern zombies
  A spiny frog simulacrum (Hell)
  2 earth elementals
  A water moccasin zombie (D:5)
  6 scorpions
  A shapeshifter zombie (Crypt:2)
  A snapping turtle simulacrum (Crypt:3)
  5 killer bees
  A troll skeleton (Crypt:2)
  21 wights
  3 howler monkeys
  3 electric eels
  A wolf zombie (Crypt:3)
  2 bullfrog zombies
  8 crimson imps
  A quasit (D:8)
  2 jellies
  23 orc wizards
  3 centaur skeletons
  11 orc priests
  4 bullfrog skeletons
  7 hounds
  14 iron imps
  7 iguanas
  7 worker ants
  A lightning spire (Zig:11)
  10 hell rats (Hell)
  A killer bee zombie (D:6)
  A dwarf skeleton (Crypt:2)
  2 deep dwarf skeletons (Crypt:3)
  2 hound zombies
  A hound skeleton (D:9)
  41 mummies
  A worker ant zombie (D:9)
  4 gnolls
  A howler monkey skeleton (D:9)
  A scorpion zombie (Crypt:2)
  9 adders
  2 river rats (D:13)
  3 shadow imps
  17 white imps
  3 ufetubi
  An ooze (D:2)
  2 adder skeletons (D:5)
  An adder zombie (D:9)
  A worm (D:2)
  A worm (shapeshifter) (Vaults:5)
  9 leopard geckos
  72 orcs
  7 giant cockroaches
  11 goblins
  12 hobgoblins
  6 jackals
  2 quokkas
  2 ball pythons
  4 bats
  3 frilled lizards
  15 kobolds
  A kobold skeleton (Crypt:1)
  A leopard gecko skeleton (Crypt:3)
  A quokka zombie (D:5)
  3 rats
  6 briar patches (Zig:11)
  A lurking horror (Abyss:4)
  12 plants
  7 starspawn tentacles
  8 withered plants (D:15)
3887 creatures vanquished.

Vanquished Creatures (collateral kills)
  A Killer Klown (Zig:12)
  2 acid blobs (Slime:5)
  A tengu reaver (Depths:2)
  2 draconian shifters
  A green draconian (Zig:12)
  An ettin (Depths:1)
  2 fire dragons
  A great orb of eyes (Slime:5)
  A two-headed ogre (Vaults:3)
  A death knight (D:12)
  A satyr (shapeshifter) (Zig:12)
  The ghost of zorance the Thaumaturge, a journeyman DEFE of Sif Muna (D:11)
  A deep troll (Depths:1)
  A deep troll (shapeshifter) (Zig:12)
  A sea snake (Shoals:4)
  A phantasmal warrior (D:12)
  2 orc knights
  A frost giant zombie (Zig:3)
  An orc sorcerer (Orc:2)
  An ugly thing (D:12)
  A rime drake (Lair:6)
  A komodo dragon (D:12)
  2 orc warriors
  A troll (D:12)
  2 hornets (D:8)
  A merfolk (Shoals:3)
  A silent spectre (Zig:3)
  A wraith (D:12)
  An ice dragon skeleton (Zig:3)
  A wyvern (D:10)
  A soldier ant (D:8)
  A killer bee (D:10)
  A necrophage (Zig:3)
  A centaur (Vaults:4)
  A bullfrog (D:11)
  A scorpion (D:11)
  3 wights (D:11)
  2 orc priests
  5 orc wizards
  An iguana (D:11)
  2 gnolls (D:4)
  A worm (D:8)
  9 orcs
  2 goblins (D:2)
  A hobgoblin (D:2)
  A bat (D:2)
  A rat (D:3)
70 creatures vanquished.

Vanquished Creatures (others)
  A lich (Pan)
  An eldritch tentacle (Coc:3)
  A daeva (Abyss:4)
  A draconian annihilator (Pan)
  A blizzard demon (Pan)
  A hydra (Zig:19)
  A death scarab (Tomb:1)
  2 sun demons (Pan)
  4 wizards (Pan)
  A hornet (D:8)
  A rime drake (D:12)
  A freezing wraith (D:12)
  A hellwing (Pan)
  A tyrant leech (Zig:19)
  10 flying skulls (Tomb:2)
  A water elemental (Coc:7)
  A neqoxec (Pan)
  A steam dragon (D:9)
  An orc warrior (D:8)
  A scorpion (D:4)
  2 killer bees (D:10)
  An iron imp (Dis:7)
  3 mummies
  Robin (D:3)
  An adder (D:3)
  A goblin (D:1)
  A hobgoblin (D:2)
  A kobold (D:3)
  2 briar patches (Zig:11)
  A bush (Lair:4)
  16 fungi
  43 plants
  2 starspawn tentacles
  8 withered plants
116 creatures vanquished.

Grand Total: 4073 creatures vanquished

Notes
Turn   | Place    | Note
-------+----------+-------------------------------------------
     0 | D:1      | 4thArraOfDagon the Deep Elf Artificer began the quest for the Orb.
     0 | D:1      | Reached XP level 1. HP: 11/11 MP: 5/5
    63 | D:1      | Reached skill level 1 in Fighting
   182 | D:1      | Reached XP level 2. HP: 6/16 MP: 6/6
   803 | D:1      | Reached XP level 3. HP: 17/21 MP: 8/8
   892 | D:2      | Found an opulent altar of Gozag.
   948 | D:3      | Noticed Robin
   953 | D:3      | Found an iron altar of Okawaru.
  1045 | D:2      | Learned a level 2 spell: Ensorcelled Hibernation
  1162 | D:3      | Found a hide-covered altar of Uskayaw.
  1223 | D:3      | Noticed an ice beast
  1860 | D:4      | Noticed a scorpion
  1934 | D:3      | Your ally died
  1940 | D:3      | Reached XP level 4. HP: 26/26 MP: 9/9
  2107 | D:4      | Reached skill level 1 in Hexes
  2170 | D:4      | Got a brightly glowing hunting sling
  2179 | D:4      | Identified the +3 hunting sling of Besi {speed, *Contam +Blink MR+} (You found it on level 4 of the Dungeon)
  2246 | D:4      | Found an ornate altar of the Wu Jian Council.
  2278 | D:4      | Found a sand-covered staircase.
  2288 | Ossuary  | Entered an ossuary
  2310 | D:4      | You fall through a shaft for 3 floors!
  2310 | D:7      | Found a sparkling altar of Nemelex Xobeh.
  2329 | D:7      | Noticed a phantom
  2333 | D:7      | Became a worshipper of Nemelex Xobeh the Trickster
  2339 | D:8      | Received a gift from Nemelex Xobeh
  2339 | D:8      | Noticed a black bear
  2343 | D:8      | Killed a black bear
  2343 | D:8      | Reached XP level 5. HP: 30/30 MP: 10/10
  2354 | D:8      | Noticed an orc warrior
  2402 | D:7      | Killed a phantom
  2402 | D:7      | Reached XP level 6. HP: 26/35 MP: 11/11
  2523 | D:6      | :O
  2553 | D:6      | Noticed an ice beast
  2574 | D:6      | Killed an ice beast
  2609 | D:6      | Reached skill level 5 in Slings
  2609 | D:6      | Reached XP level 7. HP: 17/39 MP: 12/12
  2784 | D:5      | Entered Level 5 of the Dungeon
  2941 | D:6      | Found Eclint's Elemental Accessories.
  3034 | D:6      | Reached * piety under Nemelex Xobeh
  3370 | D:7      | Reached skill level 1 in Invocations
  3535 | D:7      | Reached skill level 1 in Spellcasting
  3607 | D:7      | Reached skill level 2 in Spellcasting
  3607 | D:7      | Reached XP level 8. HP: 43/43 MP: 13/13
  3646 | D:7      | Found a blossoming altar of Fedhas.
  3709 | D:7      | Reached skill level 3 in Spellcasting
  3827 | D:7      | Found a shadowy altar of Dithmenos.
  4110 | D:5      | Reached skill level 4 in Spellcasting
  4655 | D:4      | Noticed Menkaure
  4668 | D:4      | Killed Menkaure
  4668 | D:4      | Reached skill level 5 in Spellcasting
  4678 | D:4      | Reached ** piety under Nemelex Xobeh
  4780 | D:4      | Reached skill level 6 in Spellcasting
  5414 | D:5      | Reached skill level 7 in Spellcasting
  5555 | D:5      | Found Gysme's Assorted Antiques.
  5783 | D:5      | Reached XP level 9. HP: 47/47 MP: 22/22
  5797 | D:5      | Found a snail-covered altar of Cheibriados.
  5989 | D:5      | Learned a level 3 spell: Inner Flame
  6034 | D:5      | Found a white marble altar of Elyvilon.
  6077 | D:5      | Received a gift from Nemelex Xobeh
  6082 | D:5      | Found a staircase to the Ecumenical Temple.
  6140 | D:5      | Reached skill level 1 in Fire Magic
  6386 | D:7      | Reached skill level 8 in Spellcasting
  7150 | D:9      | Reached skill level 5 in Invocations
  7153 | D:9      | Found a staircase to the Lair.
  7243 | D:9      | Reached skill level 5 in Fire Magic
  7262 | D:9      | Found a glowing silver altar of Zin.
  7605 | D:9      | Reached *** piety under Nemelex Xobeh
  7680 | D:9      | Reached skill level 9 in Spellcasting
  7811 | D:9      | Gained mutation: You occasionally shout uncontrollably at your foes. [mutagenic meat]
  7812 | D:9      | Gained mutation: You are robust. (+10% HP) [mutagenic meat]
  7813 | D:9      | Gained mutation: Your system is resistant to poisons. (rPois) [mutagenic meat]
  7814 | D:9      | Gained mutation: You are partially covered in rugged brown scales. (AC +1, +3% HP) [mutagenic meat]
  7815 | D:9      | Lost mutation: Your system is resistant to poisons. (rPois) [mutagenic meat]
  7852 | D:9      | Found a staircase to the Orcish Mines.
  7956 | D:8      | Found a hazy altar of Hepliaklqana.
  7964 | D:8      | Found a sacrificial altar of Ru.
  8069 | D:8      | Reached XP level 10. HP: 56/58 MP: 25/25
  8163 | D:8      | Received a gift from Nemelex Xobeh
  8747 | D:10     | Entered Level 10 of the Dungeon
  9093 | D:10     | Reached **** piety under Nemelex Xobeh
  9279 | D:10     | Found Emoxkim's Distillery.
  9326 | D:11     | Received a gift from Nemelex Xobeh
  9338 | D:11     | Noticed a two-headed ogre
  9652 | D:11     | Noticed zorance's ghost (journeyman DEFE)
  9663 | D:11     | Killed zorance's ghost
  9663 | D:11     | Reached skill level 10 in Spellcasting
 10135 | D:12     | Received a gift from Nemelex Xobeh
 10465 | D:12     | Noticed a death knight
 10465 | D:12     | Noticed a two-headed ogre
 10496 | D:12     | Killed a death knight
 10496 | D:12     | Reached XP level 11. HP: 47/63 MP: 20/27
 10521 | D:12     | Noticed a phantasmal warrior
 10553 | D:12     | Reached skill level 11 in Spellcasting
 10713 | D:12     | Reached ***** piety under Nemelex Xobeh
 10860 | D:12     | Reached skill level 10 in Fire Magic
 10956 | D:12     | Killed a phantasmal warrior
 10975 | D:12     | Noticed a green ugly thing
 10982 | D:12     | Killed a green ugly thing
 11001 | D:12     | Gained mutation: Scrolls take you a little longer to read. [mutagenic meat]
 11002 | D:12     | Gained mutation: Your flesh is cold resistant. (rC+) [mutagenic meat]
 11032 | D:12     | Killed a two-headed ogre
 11111 | D:12     | Noticed Frances
 11147 | D:13     | Noticed a two-headed ogre
 11148 | D:13     | a two-headed ogre changed into a dream sheep
 11275 | D:13     | Received a gift from Nemelex Xobeh
 11533 | D:11     | Killed an unseen horror
 11533 | D:11     | Reached skill level 12 in Spellcasting
 11709 | D:6      | Bought the Grimoire of Ignition for 681 gold pieces
 11714 | D:6      | Learned a level 4 spell: Sticky Flame
 11718 | D:6      | Learned a level 3 spell: Conjure Flame
 11724 | D:6      | Learned a level 5 spell: Bolt of Magma
 11838 | Orc:1    | Entered Level 1 of the Orcish Mines
 11964 | Orc:1    | Reached skill level 1 in Conjurations
 11964 | Orc:1    | Reached skill level 1 in Earth Magic
 11996 | Orc:1    | Learned a level 1 spell: Flame Tongue
 12010 | Orc:2    | Entered Level 2 of the Orcish Mines
 12040 | Orc:2    | Noticed an orc sorcerer
 12041 | Orc:2    | Noticed an orc knight
 12056 | Orc:2    | Killed an orc sorcerer
 12064 | Orc:2    | Killed an orc knight
 12066 | Orc:2    | Noticed an orc sorcerer
 12243 | Orc:2    | Noticed an orc knight
 12245 | Orc:2    | an orc knight changed into a hippogriff
 12268 | Orc:2    | Killed an orc sorcerer
 12390 | Orc:2    | Noticed an orc warlord
 12598 | Orc:1    | Killed an orc warlord
 12598 | Orc:1    | Reached skill level 5 in Conjurations
 12649 | Orc:2    | Found Idijoss's Book Emporium.
 12674 | Orc:2    | Noticed an orc high priest
 12719 | Orc:2    | Noticed a soul eater
 12799 | Orc:2    | Noticed a soul eater
 12804 | Orc:1    | Noticed a sun demon
 12804 | Orc:1    | Killed an orc high priest
 12804 | Orc:1    | Reached XP level 12. HP: 62/69 MP: 6/30
 13240 | Orc:2    | Noticed an orc high priest
 13250 | Orc:1    | Killed an orc high priest
 13469 | Orc:2    | Noticed an orc high priest
 13479 | Orc:1    | Killed an orc high priest
 13608 | Orc:2    | Noticed an orc high priest
 13617 | Orc:2    | Killed an orc high priest
 13734 | Orc:2    | Found Daukkacs's Antique Armour Shop.
 13795 | Orc:2    | Found Geff's General Store.
 13942 | Orc:2    | Found Worph's Antique Weapon Shop.
 13977 | Orc:2    | Found a staircase to the Elven Halls.
 14068 | Orc:2    | Bought a potion of heal wounds for 90 gold pieces
 14224 | Lair:1   | Entered Level 1 of the Lair of Beasts
 14297 | Lair:1   | Received a gift from Nemelex Xobeh
 14372 | Lair:1   | Noticed an eight-headed hydra
 14374 | Lair:1   | Killed an eight-headed hydra
 14494 | Lair:1   | Found an ornate altar of the Wu Jian Council.
 14507 | Lair:1   | Reached skill level 10 in Conjurations
 14508 | Lair:1   | Received a gift from Nemelex Xobeh
 14706 | Lair:2   | Received a gift from Nemelex Xobeh
 14939 | Lair:2   | Received a gift from Nemelex Xobeh
 14972 | Lair:2   | Found a staircase to the Shoals.
 15016 | Lair:3   | Gained mutation: You expend magic power (3 MP) to strengthen your wands. [mutagenic glow]
 15061 | Lair:3   | 4thArraOfDagon: ??tornado
 15061 | Lair:3   | beem: tornado[1/3]: Level 9 Air spell. Creates a tornado which follows your movement and lifts you and monsters into the air (flight). Its radius starts at 1 and increases by 1 every turn until it reaches 6, at which point the tornado stops. Almost nothing resists it (just air elementals and the like, and wind drakes for some goddamned reason), but it decreases in power in enclosed spaces.
 15149 | Lair:3   | Reached skill level 13 in Spellcasting
 15364 | Lair:3   | Received a gift from Nemelex Xobeh
 15381 | Lair:3   | Noticed a five-headed hydra
 15399 | Lair:3   | Killed a five-headed hydra
 15399 | Lair:3   | Reached skill level 14 in Spellcasting
 15525 | Lair:4   | Noticed a six-headed hydra
 15546 | Lair:4   | Killed a six-headed hydra
 15607 | Lair:4   | Received a gift from Nemelex Xobeh
 15652 | Lair:4   | Reached XP level 13. HP: 73/73 MP: 22/33
 15693 | Lair:4   | Reached skill level 15 in Spellcasting
 16079 | Lair:5   | Received a gift from Nemelex Xobeh
 16137 | Lair:5   | https://www.youtube.com/watch?v=NAFePPwJMQ8
 16152 | Lair:5   | Reached ****** piety under Nemelex Xobeh
 16369 | Lair:5   | Reached skill level 16 in Spellcasting
 16513 | Lair:5   | Received a gift from Nemelex Xobeh
 16631 | Lair:6   | Entered Level 6 of the Lair of Beasts
 16708 | Lair:6   | Found a viscous altar of Jiyva.
 16709 | Lair:6   | Found a staircase to the Slime Pits.
 16872 | Lair:6   | Reached skill level 17 in Spellcasting
 17078 | Lair:6   | Gained mutation: Your mind is acute. (Int +2) [mutagenic meat]
 17079 | Lair:6   | Gained mutation: You are agile. (Dex +2) [mutagenic meat]
 17080 | Lair:6   | Gained mutation: Your body sometimes deteriorates upon taking damage. [mutagenic meat]
 17081 | Lair:6   | Gained mutation: Your body often deteriorates upon taking damage. [mutagenic meat]
 17092 | Lair:6   | Reached skill level 18 in Spellcasting
 17264 | Lair:6   | Received a gift from Nemelex Xobeh
 17317 | Lair:6   | 4thArraOfDagon: ??pentagram
 17317 | Lair:6   | beem: pentagram card[1/1]: Summons a pair of friendly demons, with duration increasing with power level. Demons summoned (by power level): 4 plus hell hound; 3 plus rakshasa; 2 plus random pan lord. Summoned demons may be hostile.
 17317 | Lair:6   | 4thArraOfDagon: ??illusion
 17317 | Lair:6   | beem: illusion ~ infusion[1/1]: Skald spell that buffs your melee attacks with 2+(spellpower/25) extra damage (which is then reduced by monster AC), with a power cap of 25. Drains a point of MP whenever it deals extra damage.
 17317 | Lair:6   | 4thArraOfDagon: ??foxfire
 17317 | Lair:6   | beem: foxfire card[1/3]: Summons flying things. High power gives more powerful things, increases the number of things and and reduces the chances of things being hostile.
 17318 | Lair:6   | 4thArraOfDagon: ??degeneratio
 17318 | Lair:6   | beem: degeneratio ~ degeneration[1/1]: Drains a random attribute (str, int, dex) by 1d4. If you're on an old version this can induce {stat death} if the chosen stat is low enough.
 17318 | Lair:6   | 4thArraOfDagon: ??vitriol
 17318 | Lair:6   | beem: vitriol card[1/1]: Deals acid damage, requires line of fire. Note that very few things have rCorr. (Jellies of various kinds and yellow draconians basically)
 17574 | Lair:6   | Noticed a fire dragon
 17621 | Lair:6   | Killed a fire dragon
 17930 | Orc:2    | Bought a book of Power for 540 gold pieces
 17938 | Orc:2    | Learned a level 7 spell: Orb of Destruction
 17945 | Orc:2    | Learned a level 6 spell: Iron Shot
 17968 | Elf:1    | Entered Level 1 of the Elven Halls
 18011 | Elf:1    | Reached XP level 14. HP: 80/80 MP: 31/38
 18051 | Elf:1    | Received a gift from Nemelex Xobeh
 18103 | Elf:1    | Got an encrusted morningstar
 18104 | Elf:1    | Identified the cursed +2 morningstar "Soerac" {venom, *Contam Dex+7} (You found it on level 1 of the Elven Halls)
 18441 | Elf:3    | Entered Level 3 of the Elven Halls
 18555 | Elf:3    | Noticed Nikola
 18561 | Elf:3    | Killed Nikola
 18679 | Elf:3    | Received a gift from Nemelex Xobeh
 18949 | Elf:2    | Reached skill level 5 in Evocations
 19015 | Elf:2    | Found a deep blue altar of Sif Muna.
 19068 | Elf:2    | Found Ideuwnud's General Store.
 19157 | Elf:2    | Found a runed gate.
 19157 | Elf:2    | Found a runed gate.
 19157 | Elf:2    | Found a runed gate.
 19240 | Elf:3    | Lost mutation: You occasionally shout uncontrollably at your foes. [potion of mutation]
 19240 | Elf:3    | Lost mutation: You are partially covered in rugged brown scales. (AC +1, +3% HP) [potion of mutation]
 19240 | Elf:3    | Lost mutation: Your mind is acute. (Int +2) [potion of mutation]
 19240 | Elf:3    | Gained mutation: You have sharp fingernails. [potion of mutation]
 19306 | Elf:3    | Received a gift from Nemelex Xobeh
 19521 | Elf:3    | 4thArraOfDagon: ??staff of energy
 19521 | Elf:3    | beem: staff of energy[1/1]: When wielded, removes spell hunger and can be evoked for {channeling}.
 19661 | Elf:3    | Noticed a deep elf master archer
 19675 | Elf:3    | Killed a deep elf master archer
 19733 | Elf:3    | Reached skill level 19 in Spellcasting
 19793 | Elf:3    | Reached XP level 15. HP: 74/83 MP: 29/40
 19907 | Elf:3    | Noticed a deep elf blademaster
 19911 | Elf:3    | Killed a deep elf blademaster
 19998 | Elf:3    | Noticed an Ice Fiend
 19999 | Elf:3    | Reached skill level 20 in Spellcasting
 20077 | Elf:3    | Noticed a deep elf master archer
 20117 | Elf:3    | Killed a deep elf master archer
 20222 | Elf:3    | Noticed a Brimstone Fiend
 20350 | Elf:3    | Noticed a deep elf sorcerer
 20357 | Elf:3    | Killed a deep elf sorcerer
 20435 | Elf:3    | Got a faintly glowing battleaxe {chop}
 20436 | Elf:3    | Identified the cursed +0 battleaxe "Ifafial" {chop, rC++ Int+5 Dex-2} (You took it off a deep elf demonologist on level 3 of the Elven Halls)
 20508 | Elf:3    | Noticed a deep elf sorcerer
 20516 | Elf:3    | Killed a deep elf sorcerer
 20516 | Elf:3    | Reached skill level 10 in Evocations
 20532 | Elf:3    | Noticed a deep elf blademaster
 20536 | Elf:3    | Killed a deep elf blademaster
 20659 | Elf:3    | Identified Dumoathe's Tome of Earthen Summoning
 20712 | Elf:3    | Learned a level 9 spell: Shatter
 20719 | Elf:3    | Learned a level 6 spell: Statue Form
 20798 | Elf:3    | no loot
 20798 | Elf:3    | just spells :(
 20861 | Elf:2    | Noticed a deep elf blademaster
 20864 | Elf:2    | Killed a deep elf blademaster
 20864 | Elf:2    | Reached skill level 5 in Earth Magic
 21026 | Elf:2    | Reached XP level 16. HP: 88/88 MP: 34/42
 21063 | Elf:2    | Reached skill level 21 in Spellcasting
 21068 | Elf:2    | Received a gift from Nemelex Xobeh
 21504 | Elf:1    | Reached skill level 10 in Earth Magic
 21536 | Elf:1    | Found Boosmy's Gadget Shop.
 21729 | Elf:1    | Identified the Handbook of the Meadowlark
 21804 | Elf:1    | Received a gift from Nemelex Xobeh
 21984 | D:10     | Bought a potion of agility for 64 gold pieces
 21984 | D:10     | Bought a potion of brilliance for 64 gold pieces
 21984 | D:10     | Bought a potion of curing for 48 gold pieces
 21984 | D:10     | Bought a potion of curing for 48 gold pieces
 21984 | D:10     | Bought a potion of heal wounds for 80 gold pieces
 21984 | D:10     | Bought a potion of agility for 64 gold pieces
 21984 | D:10     | Bought a potion of brilliance for 64 gold pieces
 21984 | D:10     | Bought a potion of agility for 64 gold pieces
 22173 | Shoals:1 | Entered Level 1 of the Shoals
 22202 | Shoals:1 | Noticed Josephine
 22270 | Shoals:1 | Killed Josephine
 22376 | Shoals:1 | Received a gift from Nemelex Xobeh
 22587 | D:10     | Bought a potion of mutation for 128 gold pieces
 22587 | D:10     | Lost mutation: You expend magic power (3 MP) to strengthen your wands. [potion of mutation]
 22587 | D:10     | Lost mutation: Scrolls take you a little longer to read. [potion of mutation]
 22587 | D:10     | Lost mutation: Your body often deteriorates upon taking damage. [potion of mutation]
 22587 | D:10     | Lost mutation: You are agile. (Dex +2) [potion of mutation]
 22587 | D:10     | Gained mutation: You can translocate small distances at will. [potion of mutation]
 22587 | D:10     | Gained mutation: Your muscles are strong. (Str +2) [potion of mutation]
 22587 | D:10     | Gained mutation: You are agile. (Dex +2) [potion of mutation]
 22723 | Shoals:1 | Learned a level 6 spell: Bolt of Fire
 22753 | Shoals:1 | Learned a level 8 spell: Ignition
 23205 | Shoals:2 | Reached skill level 1 in Transmutations
 23394 | Shoals:2 | Found Xaz Avaff's Food Emporium.
 23408 | Shoals:2 | Noticed Polyphemus
 23434 | Shoals:2 | Killed Polyphemus
 23662 | Shoals:2 | Reached XP level 17. HP: 90/92 MP: 38/44
 23749 | Shoals:2 | Received a gift from Nemelex Xobeh
 24003 | Shoals:3 | Received a gift from Nemelex Xobeh
 24090 | Shoals:3 | Found Alaschufar's Magic Scroll Shoppe.
 24140 | Shoals:3 | Bought a scroll of fear for 45 gold pieces
 24140 | Shoals:3 | Bought a scroll of teleportation for 39 gold pieces
 24261 | Shoals:3 | Reached skill level 15 in Earth Magic
 24350 | Shoals:3 | Received a gift from Nemelex Xobeh
 24620 | Shoals:3 | Found Pevogg's Antique Weapon Shoppe.
 24685 | Shoals:4 | Entered Level 4 of the Shoals
 24812 | Shoals:4 | Got a barnacled rune of Zot
 25108 | Shoals:4 | Received a gift from Nemelex Xobeh
 25286 | Shoals:4 | Noticed Ilsuiw
 25406 | Shoals:4 | Killed Ilsuiw
 25526 | Shoals:4 | Identified the amulet "Lostagum" {Faith rPois rN+} (You found it on level 4 of the Shoals)
 25589 | Shoals:4 | Received a gift from Nemelex Xobeh
 25834 | Lair:3   | Found a hole to the Spider Nest.
 25855 | Spider:1 | Entered Level 1 of the Spider Nest
 25975 | Spider:1 | Reached XP level 18. HP: 97/97 MP: 36/45
 26596 | Spider:2 | Received a gift from Nemelex Xobeh
 26978 | Spider:2 | Identified the +5 war axe "Worm" {speed, rC+} (You found it on level 2 of the Spider Nest)
 26982 | Spider:2 | Got a dazzling whip
 26983 | Spider:2 | Identified the +7 whip of Famine {speed, *Contam *Corrode rPois rN++} (You found it on level 2 of the Spider Nest)
 27102 | Spider:3 | Received a gift from Nemelex Xobeh
 27385 | Spider:3 | Noticed Arachne
 27389 | Spider:3 | Killed Arachne
 27860 | Spider:3 | Received a gift from Nemelex Xobeh
 27912 | Spider:4 | Entered Level 4 of the Spider Nest
 28688 | Spider:4 | Reached skill level 22 in Spellcasting
 28714 | Spider:4 | Reached XP level 19. HP: 93/102 MP: 17/47
 28833 | Spider:4 | Got a gossamer rune of Zot
 29064 | Spider:4 | Received a gift from Nemelex Xobeh
 29157 | Spider:4 | Learned a level 8 spell: Controlled Blink
 29321 | Lair:3   | Upgraded the game from 0.21-a0-421-gfc1ce30 to 0.21-a0-426-g98080a9
 29409 | Slime:1  | Entered Level 1 of the Pits of Slime
 29439 | Slime:2  | Gained mutation: Your magical capacity is low. (-10% MP) [a shining eye]
 29505 | Lair:6   | murphy: i died yesterday on the last floor in hellcrawl
 29515 | Slime:1  | murphy: got shatted to death from panlord
 29516 | Slime:1  | murphy: in statue form
 29516 | Slime:1  | 4thArraOfDagon: what happened
 29516 | Slime:1  | 4thArraOfDagon: oh
 29516 | Slime:1  | 4thArraOfDagon: how much damage?
 29523 | Slime:1  | murphy: took away 80% of my hp
 29531 | Slime:1  | murphy: 123 dmg
 29534 | Slime:2  | murphy: still a low dmg roll
 29537 | Slime:2  | murphy: i was at -1 hp
 29542 | Slime:2  | Gained mutation: Armour fits poorly on your strangely shaped body. [a shining eye]
 29573 | Slime:3  | murphy: if i win this would have been the #1 score in hellcrawl so far
 29582 | Slime:2  | murphy: a designer watched this
 29620 | Slime:3  | murphy: and we discussed wether or not panlords abilties should be shown in hellcrawl
 29648 | Slime:2  | murphy: but i got the answer: well then you have to xv every panlord for optimal play
 29651 | Slime:2  | 4thArraOfDagon: oh
 29678 | Slime:3  | murphy: on the other hand i wouldn't die if i assume every panlord could have shatter
 29689 | Slime:2  | murphy: and play accordingly
 29706 | Slime:2  | murphy: but that is even more tedious
 29706 | Slime:2  | 4thArraOfDagon: yea, well statue form isnt optimal anyway
 29706 | Slime:2  | murphy: how do you handle stuff like this?
 29706 | Slime:2  | murphy: any advices
 29706 | Slime:2  | murphy: ?
 29706 | Slime:2  | Mulzaro: Isnt the main use of statue for turncount speedruns? :D
 29706 | Slime:2  | 4thArraOfDagon: yes, but speedruns involve risk and murphy took that risk :)
 29706 | Slime:2  | murphy: it gives some offense and nice res
 29706 | Slime:2  | murphy: i felt really strong with that char
 29706 | Slime:2  | 4thArraOfDagon: charly died off shatter ( 200 damage) and same situ
 29706 | Slime:2  | murphy: yes i died too before
 29706 | Slime:2  | murphy: i'm not pisssed about it happen
 29706 | Slime:2  | murphy: but dunno
 29706 | Slime:2  | murphy: how to avoid it for the future
 29706 | Slime:2  | Mulzaro: Statue is really only very attractive for Felids and octopodes when playing the game normally.
 29706 | Slime:2  | Mulzaro: imo
 29706 | Slime:2  | 4thArraOfDagon: hmm
 29706 | Slime:2  | murphy: i mean you play statue form often
 29706 | Slime:2  | murphy: how do handle this stuff
 29706 | Slime:2  | 4thArraOfDagon: possibly use flight before every pan lord
 29706 | Slime:2  | Mulzaro: Yermak has a shatter pan lord in D:1 yesterday on that Gnoll game. Shit was pretty intense
 29706 | Slime:2  | 4thArraOfDagon: airstrike will not kill you
 29706 | Slime:2  | 4thArraOfDagon: and flight reduces shatter damage
 29706 | Slime:2  | Mulzaro: had*
 29706 | Slime:2  | murphy: true
 29706 | Slime:2  | murphy: i had 6 potions of flight
 29706 | Slime:2  | 4thArraOfDagon: but thats tedious too
 29706 | Slime:2  | murphy: and i had to run through coc
 29706 | Slime:2  | murphy: for the exit
 29706 | Slime:2  | 4thArraOfDagon: no golu?
 29706 | Slime:2  | murphy: nope
 29706 | Slime:2  | 4thArraOfDagon: oh right
 29709 | Slime:3  | murphy: i didn't find it
 29715 | Slime:2  | murphy: but you can use it on the orb run in hellcrawl
 29728 | Slime:2  | Mulzaro: These 1.5 turn spells are pretty horrible
 29774 | Slime:2  | arkorax: statue?
 29774 | Slime:2  | Received a gift from Nemelex Xobeh
 29777 | Slime:2  | Mulzaro: y
 29778 | Slime:2  | 4thArraOfDagon: but I have no defenses
 29778 | Slime:2  | 4thArraOfDagon: 0 dodging
 29778 | Slime:2  | 4thArraOfDagon: and horrible items
 29778 | Slime:2  | Mulzaro: sounds like a speedrun
 29778 | Slime:2  | Mulzaro: :D
 29778 | Slime:2  | 4thArraOfDagon: no, desperate attempt to stay alive actually :D
 29845 | Slime:2  | Mulzaro: Yeah it's probably worth it to use statue with a gear like this
 29872 | Slime:3  | Mulzaro: atleast you have a staff of energy
 29967 | Slime:3  | arkorax: speedrun is in your blood now
 30025 | Slime:3  | Mulzaro: I tried newsif couple of days ago for the first time
 30029 | Slime:4  | Mulzaro: Jesus the new channel is awesome
 30037 | Slime:3  | Mulzaro: I hated old sif
 30216 | Slime:3  | murphy: what got changed?
 30238 | Slime:3  | Mulzaro: It was changed pretty long ago actually
 30238 | Slime:3  | Mulzaro: when have you played Sif?
 30269 | Slime:3  | murphy: uhm 2 days ago
 30285 | Slime:4  | Mulzaro: lol
 30302 | Slime:5  | Entered Level 5 of the Pits of Slime
 30309 | Slime:5  | murphy: yay i'm wondering
 30310 | Slime:5  | Mulzaro: I meant after they revamped the abilities
 30332 | Slime:5  | murphy: hm..
 30342 | Slime:5  | murphy: so you like sif muna now?
 30346 | Slime:5  | arkorax: Veh>Sif still ;p
 30346 | Slime:5  | murphy: i still think it sucks
 30346 | Slime:5  | Mulzaro: Yes
 30346 | Slime:5  | Mulzaro: Veh is worse than Sif imo atm
 30368 | Slime:5  | Mulzaro: You can pop the channel and wreck havoc again. That was not possible before
 30368 | Slime:5  | Mulzaro: because the channel worked like the staff
 30386 | Slime:5  | Noticed the Royal Jelly
 30403 | Slime:4  | Mulzaro: Also the fact that you can throw any spell for free when you are out of mana
 30430 | Slime:4  | Mulzaro: for a short -cast status
 30445 | Slime:4  | Received a gift from Nemelex Xobeh
 30449 | Slime:4  | arkorax: how does new channel work?
 30462 | Slime:4  | Mulzaro: Its a buff
 30468 | Slime:4  | Mulzaro: that grants you insane mp regen
 30474 | Slime:4  | Mulzaro: has a small piety cost
 30482 | Slime:5  | Mulzaro: duration scales with invo
 30523 | Slime:4  | Anon1729: can it keep up with vehumets ability later in the game?
 30537 | Slime:4  | Mulzaro: ??Channel magic
 30538 | Slime:4  | beem: channel magic[1/1]: A 3* Sif Muna ability new to 0.19, gives a big boost to MP regeneration for a duration of 4 + random2avg(2 * INVOCATIONS / 3)
 30570 | Slime:5  | Mulzaro: Vehumet is probably better against massive waves of enemies
 30573 | Slime:4  | Mulzaro: but other than that Sif is better imo
 30579 | Slime:4  | p0werm0de: sif is pure crap m0n
 30605 | Slime:4  | p0werm0de: makhleb >>>>
 30645 | Slime:4  | Mulzaro: Why the fuck do you compare those two
 30668 | Slime:4  | p0werm0de: makhleb best caster god
 30668 | Slime:4  | p0werm0de: :>
 30669 | Slime:4  | Mulzaro: lol
 30702 | Slime:5  | p0werm0de: not?
 30790 | Slime:5  | Anon1729: why his devastations seem kind of irellevant for a caster? (i have never followed him though)
 30814 | Slime:5  | p0werm0de: hp on kills and summons without mp
 30820 | Slime:5  | p0werm0de: pretty good imo
 30848 | Slime:5  | Reached skill level 23 in Spellcasting
 30868 | Slime:5  | Anon1729: ok good point, forgot about that
 30868 | Slime:5  | Vidiiot: TRJ :D
 30873 | Slime:5  | Killed the Royal Jelly
 30873 | Slime:5  | Reached skill level 15 in Fire Magic
 30874 | Slime:5  | p0werm0de: !ood Vidiiot
 30874 | Slime:5  | beem: p0werm0de conjures a glowing orb. The orb of destruction hits Vidiiot!!!!!
 30875 | Slime:5  | Mulzaro: I dont know man. Summons are good for casters in a pinch but most of the time they are just blocking your LOS
 30877 | Slime:5  | 4thArraOfDagon: kaboom
 30877 | Slime:5  | p0werm0de: nice shape
 30883 | Slime:5  | p0werm0de: that explosion
 30907 | Slime:5  | p0werm0de: arra yermak has the no1 trunk scoren ow in CXC
 30914 | Slime:5  | p0werm0de: can you allow that
 30922 | Slime:5  | p0werm0de: !hs * --sk
 30925 | Slime:5  | beem: 229786. Yermak the Executioner (L27 GnSk of Cheibriados), escaped with the Orb and 15 runes on 2017-11-04 19:58:43, with 65744876 points after 21844 turns and 7:01:50.
 30932 | Slime:5  | p0werm0de: 66m
 30958 | Slime:5  | p0werm0de: better than charlys 63m
 30977 | Slime:5  | p0werm0de: time to play VS or Tr eh
 30977 | Slime:5  | arkorax: yea godamn
 30977 | Slime:5  | p0werm0de: !hs * trsk
 30977 | Slime:5  | beem: 1252. Nebukadnezar the Wrestler (L27 TrSk of Okawaru), escaped with the Orb and 15 runes on 2017-08-03 16:59:57, with 20203258 points after 75820 turns and 15:21:52.
 30977 | Slime:5  | p0werm0de: this not yours
 30977 | Slime:5  | p0werm0de: :>
 30977 | Slime:5  | p0werm0de: good start
 30977 | Slime:5  | p0werm0de: regen + sos
 30977 | Slime:5  | p0werm0de: baaam
 30977 | Slime:5  | p0werm0de: 70 m
 30977 | Slime:5  | p0werm0de: ?
 30977 | Slime:5  | p0werm0de: or even 83m
 30977 | Slime:5  | 4thArraOfDagon: !hs * baam
 30977 | Slime:5  | beem: 273. 4thArraOfDagon the Gracecrafter (L27 BaAM of Xom), escaped with the Orb and 15 runes on 2017-10-28 21:30:54, with 29368457 points after 50608 turns and 6:37:39.
 30977 | Slime:5  | p0werm0de: !hs * ogck
 30977 | Slime:5  | beem: 6271. p0werm0de the Heavyweight Champion (L27 OgCK of Xom), escaped with the Orb and 15 runes on 2017-10-28 19:14:14, with 30656035 points after 48313 turns and 4:33:40.
 30977 | Slime:5  | p0werm0de: same day
 30977 | Slime:5  | 4thArraOfDagon: yea haha
 30977 | Slime:5  | 4thArraOfDagon: I was laughing
 30986 | Slime:5  | Found the +0 pair of fencer's gloves {+Riposte Dex+3}
 31009 | Slime:5  | Identified the +2 pair of gloves of Sif Muna's Scorn {rPois Dex+2} (You found it on level 5 of the Pits of Slime)
 31062 | Slime:5  | Got a slimy rune of Zot
 31097 | Slime:5  | Learned a level 1 spell: Apportation
 31097 | Slime:5  | arkorax: damn what a god
 31107 | Slime:5  | Mulzaro: Worshippers of nemelex lose the ability to use "inventory space" due to a constant barrage of gifts from the sky.
 31115 | Slime:5  | Got an ancient lajatang
 31116 | Slime:5  | Identified the +9 lajatang of Voneopt {slice, +Blink rF- rC++ Int+10} (You found it on level 5 of the Pits of Slime)
 31117 | Slime:5  | 4thArraOfDagon: ohh
 31117 | Slime:5  | Mulzaro: lol
 31119 | Slime:5  | Got a crude flail
 31120 | Slime:5  | Identified the +5 flail of Prudence {flame, *Noise MR+ Int+4 Dex+3} (You found it on level 5 of the Pits of Slime)
 31123 | Slime:5  | Mulzaro: that rF- is annoying though
 31123 | Slime:5  | Identified the Collected Works on the Frostbite
 31140 | Slime:5  | murphy: in hellcrawl you have only 3 decks with nemelex
 31151 | Slime:5  | murphy: new cards are added to those decks
 31186 | Slime:5  | murphy: makes this god way more fun to play
 31188 | Slime:5  | Reached XP level 20. HP: 95/107 MP: 30/44
 31341 | Slime:2  | Mulzaro: Why are they even items. Wouldnt it be even better if they are integrated to the abilities screen. I have no idea how easy that is to code though
 31355 | Lair:6   | Mulzaro: Probably not in the current form
 31488 | D:9      | Mulzaro: 4tharra, let's go to gehenna with this stick
 31488 | D:9      | 4thArraOfDagon: ill rock geh world bby
 31575 | D:13     | Received a gift from Nemelex Xobeh
 31580 | D:13     | Reached skill level 1 in Air Magic
 31731 | D:13     | Reached skill level 1 in Translocations
 31937 | D:13     | Found a runed door.
 32119 | D:13     | Identified the Collected Works on Dislocated Dark Rites
 32141 | D:13     | Identified the ring of Douni {rCorr *Drain rC+ MR+ Int+8} (You took it off a big kobold on level 13 of the Dungeon)
 32150 | D:13     | Mulzaro: wow
 32158 | D:13     | 4thArraOfDagon: suddenly
 32166 | D:14     | Mulzaro: 44 int with the stat stick?
 32179 | D:14     | Received a gift from Nemelex Xobeh
 32308 | D:14     | Found Famunwit's Jewellery Boutique.
 32311 | D:14     | Mulzaro: omg
 32311 | D:14     | p0werm0de: ░░░░░░░░░░░░░░░▄▀▄░░░░░░░░░░░░░░░ ░░░░░░░░░░░░░▄▀░░░▀▄░░░░░░░░░░░░░ ░░░░░░░░░░░▄▀░░░░▄▀█░░░░░░░░░░░░░ ░░░░░░░░░▄▀░░░░▄▀░▄▀░▄▀▄░░░░░░░░░ ░░░░░░░▄▀░░░░▄▀░▄▀░▄▀░░░▀▄░░░░░░░ ░░░░░░░█▀▄░░░░▀█░▄▀░░░░░░░▀▄░░░░░ ░░░▄▀▄░▀▄░▀▄░░░░▀░░░░▄█▄░░░░▀▄░░░ ░▄▀░░░▀▄░▀▄░▀▄░░░░░▄▀░█░▀▄░░░░▀▄░ ░█▀▄░░░░▀▄░█▀░░░░░░░▀█░▀▄░▀▄░▄▀█░ ░▀▄░▀▄░░░░▀░░░░▄█▄░░░░▀▄░▀▄░█░▄▀░ ░░░▀▄░▀▄░░░░░▄▀░█░▀▄░░░░▀▄░▀█▀░░░ ░░░░░▀▄░▀▄░▄▀░▄▀░█▀░░░░▄▀█░░░░░░░ ░░░░░░░▀▄░█░▄▀░▄▀░░░░▄▀░▄▀░░░░░░░ ░░░░░░░░░▀█▀░▄▀░░░░▄▀░▄▀░░░░░░░░░ ░░░░░░░░░░░░░█▀▄░▄▀░▄▀░░░░░░░░░░░ ░░░░░░░░░░░░░▀▄░█░▄▀░░░░░░░░░░░░░ ░░░░░░░░░░░░░░░▀█▀░░░░░░░░░░░░░░░
 32311 | D:14     | p0werm0de: lol
 32311 | D:14     | 4thArraOfDagon: w00t
 32311 | D:14     | p0werm0de: arkorax post this
 32311 | D:14     | 4thArraOfDagon: do you feel proud of yourself now haha
 32350 | D:14     | p0werm0de: nope
 32354 | D:14     | Found Maposank's General Store.
 32355 | D:14     | Found a shimmering altar of Xom.
 32357 | D:14     | Found a shimmering altar of Xom.
 32399 | D:14     | Mulzaro: is iron shot your cheapest spell? :D
 32402 | D:14     | arkorax: write into google ascii (any symbol or picture of all time) and copy paste
 32402 | D:14     | 4thArraOfDagon: I know, bad joke :(
 32423 | D:14     | Reached skill level 5 in Translocations
 32441 | D:14     | Found a gate to the Vaults.
 32497 | D:14     | Lost mutation: Your magical capacity is low. (-10% MP) [mutagenic meat]
 32498 | D:14     | 4thArraOfDagon: non-fire yes
 32581 | D:14     | Found a shimmering altar of Xom.
 32595 | D:14     | 4thArraOfDagon: anyone of you watched breakind-bad?
 32682 | D:15     | Entered Level 15 of the Dungeon
 32683 | D:15     | arkorax: i did
 32684 | D:15     | p0werm0de: only a few
 32686 | D:15     | arkorax: forgot most of it :(
 32688 | D:15     | 4thArraOfDagon: I'm going to watch whole series, one particular song can't get out of my head ( no, its not Kylie Minogue)
 32688 | D:15     | 4thArraOfDagon: https://www.youtube.com/watch?v=NAFePPwJMQ8
 32735 | D:15     | Found a staircase to the Depths.
 32768 | D:15     | Mulzaro: popcorn swarm
 32797 | D:15     | Received a gift from Nemelex Xobeh
 32806 | D:15     | Found a frozen archway.
 32817 | IceCv    | Entered an ice cave
 32837 | IceCv    | p0werm0de: gel-elektrophorese
 32848 | IceCv    | p0werm0de: ;D
 32887 | IceCv    | p0werm0de: at 0:42
 33089 | IceCv    | p0werm0de: xiguana hay
 33104 | IceCv    | p0werm0de: arkorax has cat pix for you
 33143 | IceCv    | arkorax: god damn
 33149 | IceCv    | arkorax: cat just went out hahha
 33292 | IceCv    | Identified the ring of the Saviour {EV+3 Int+2 Dex+2} (You found it in an ice cave)
 33349 | D:15     | arkorax: that laja lol
 33377 | D:15     | Mulzaro: He needs more int
 33378 | D:15     | Mulzaro: MOAR
 33430 | D:15     | Mulzaro: When you hit 60 you can start destroying enemies with your mind
 33496 | D:15     | Reached skill level 24 in Spellcasting
 33563 | D:15     | Received a gift from Nemelex Xobeh
 33568 | D:15     | 4thArraOfDagon: ??exile
 33568 | D:15     | beem: I don't have a page labeled exile in my learndb.
 33568 | D:15     | Mulzaro: Use the description?
 33568 | D:15     | Yermak: Press ? for the card descriptions
 33772 | Depths:1 | Entered Level 1 of the Depths
 33874 | Depths:1 | arkorax: exile?
 33912 | Depths:1 | Mulzaro: a card
 33930 | Depths:1 | Paralysed by a vampire knight for 4 turns
 33936 | Depths:1 | Reached skill level 10 in Translocations
 34004 | Depths:1 | arkorax: ooh
 34108 | Depths:1 | Got a twitching wooden ring
 34110 | Depths:1 | Identified the ring "Tixaugg" {-Tele +Fly rF+ MP+9 Int+5} (You found it on level 1 of the Depths)
 34117 | Depths:1 | Received a gift from Nemelex Xobeh
 34168 | Depths:1 | Found a gateway to Hell.
 34301 | Depths:1 | Reached XP level 21. HP: 113/113 MP: 43/51
 34361 | Depths:1 | Received a gift from Nemelex Xobeh
 34384 | Depths:1 | Learned a level 3 spell: Regeneration
 34620 | Depths:2 | Mulzaro: tengu reavers are so swingy in difficulty
 34763 | Depths:2 | Found Gozag's Antique Weapon Shoppe.
 34773 | Depths:2 | Found an opulent altar of Gozag.
 34773 | Depths:2 | Noticed a golden dragon
 34781 | Depths:2 | Found Gozag's Antique Armour Shoppe.
 34784 | Depths:2 | Found Gozag's Antique Weapon Emporium.
 34810 | Depths:2 | Found Neopp's Assorted Antiques.
 34815 | Depths:2 | Bought a potion of heal wounds for 175 gold pieces
 34815 | Depths:2 | Bought a scroll of teleportation for 105 gold pieces
 35160 | Depths:2 | Got a fine leather armour
 35171 | Depths:2 | Identified the +1 leather armour "Tefopp" {rC+ Str-3 SInv} (You found it on level 2 of the Depths)
 35269 | Depths:2 | Got a distressingly furry cloak
 35280 | Depths:2 | Identified the +2 cloak of Xoesu {rN+ MR+++ Int-4 Slay+2} (You found it on level 2 of the Depths)
 35290 | Depths:2 | Mulzaro: wow
 35472 | Depths:3 | Received a gift from Nemelex Xobeh
 35474 | Depths:3 | Reached skill level 25 in Spellcasting
 35570 | Depths:3 | jacquesderrida: Dangar
 35649 | Depths:3 | Noticed an ancient lich
 35655 | Depths:3 | Killed an ancient lich
 35798 | Depths:3 | Received a gift from Nemelex Xobeh
 35952 | Depths:4 | Noticed a caustic shrike
 35952 | Depths:4 | Noticed a caustic shrike
 35967 | Depths:4 | Found Curos's Assorted Antiques.
 35972 | Depths:4 | Bought 2 scrolls of teleportation for 228 gold pieces
 35972 | Depths:4 | Bought a scroll of teleportation for 114 gold pieces
 36075 | Depths:4 | Received a gift from Nemelex Xobeh
 36169 | Depths:4 | Found a gateway to a ziggurat.
 36236 | Depths:4 | Noticed a caustic shrike
 36240 | Depths:4 | Noticed a caustic shrike
 36243 | Depths:4 | Killed a caustic shrike
 36260 | Depths:4 | Received a gift from Nemelex Xobeh
 36351 | Depths:4 | Reached skill level 15 in Translocations
 36406 | Depths:4 | Noticed Sojobo
 36463 | Depths:4 | Killed a caustic shrike
 36510 | Depths:3 | Found a one-way gate leading to the halls of Pandemonium.
 36533 | Depths:3 | Found a one-way gate to the infinite horrors of the Abyss.
 36536 | Depths:3 | Noticed Louise
 36540 | Depths:3 | Killed Louise
 36718 | Depths:3 | Killed a caustic shrike
 36718 | Depths:3 | Reached XP level 22. HP: 118/118 MP: 12/53
 36839 | Depths:5 | Entered Level 5 of the Depths
 37061 | Depths:5 | Found a gate to the Realm of Zot.
 37066 | Depths:5 | Reached skill level 26 in Spellcasting
 37206 | Depths:5 | Received a gift from Nemelex Xobeh
 37607 | Depths:4 | Killed Sojobo
 37683 | Depths:5 | Noticed Margery
 37688 | Depths:5 | Killed Margery
 37688 | Depths:5 | Reached skill level 27 in Spellcasting
 37688 | Depths:5 | Reached skill level 1 in Necromancy
 37799 | Depths:4 | Killed a caustic shrike
 38153 | Orc:2    | Bought a book of the Sky for 780 gold pieces
 38153 | Orc:2    | Bought a Necronomicon for 1324 gold pieces
 38163 | Orc:2    | Learned a level 9 spell: Tornado
 38483 | Depths:4 | Bought a scroll of amnesia for 133 gold pieces
 38493 | Depths:4 | Learned a level 8 spell: Death's Door
 38645 | Vaults:1 | Entered Level 1 of the Vaults
 38645 | Vaults:1 | Received a gift from Nemelex Xobeh
 38660 | Vaults:1 | Reached skill level 5 in Air Magic
 38778 | Vaults:1 | Noticed Aizul
 38785 | Vaults:1 | Killed Aizul
 38984 | Vaults:1 | Reached skill level 1 in Charms
 39236 | Vaults:1 | Reached skill level 5 in Charms
 39267 | Vaults:1 | Reached skill level 5 in Necromancy
 39406 | Vaults:2 | Received a gift from Nemelex Xobeh
 39537 | Vaults:1 | Found Nuwnuon's Food Shop.
 39629 | Vaults:2 | Received a gift from Nemelex Xobeh
 39771 | Vaults:2 | Reached XP level 23. HP: 82/129 MP: 47/56
 40189 | Vaults:3 | Reached skill level 5 in Fighting
 40264 | Vaults:3 | Received a gift from Nemelex Xobeh
 40529 | Vaults:3 | Reached skill level 10 in Charms
 40661 | Vaults:3 | Received a gift from Nemelex Xobeh
 40683 | Vaults:3 | Found a staircase to the Crypt.
 40683 | Vaults:3 | Found an ancient bone altar of Kikubaaqudgha.
 40684 | Vaults:3 | Found a basalt altar of Yredelemnul.
 40882 | Vaults:4 | Reached skill level 10 in Necromancy
 40923 | Vaults:4 | Received a gift from Nemelex Xobeh
 41172 | Vaults:4 | Received a gift from Nemelex Xobeh
 41756 | Vaults:5 | Entered Level 5 of the Vaults
 41756 | Vaults:5 | Received a gift from Nemelex Xobeh
 42107 | Zig:1    | Entered Level 1 of a ziggurat
 42155 | Zig:2    | Entered Level 2 of a ziggurat
 42190 | Zig:2    | Reached XP level 24. HP: 136/136 MP: 55/56
 42193 | Zig:3    | Entered Level 3 of a ziggurat
 42215 | Zig:4    | Entered Level 4 of a ziggurat
 42252 | Zig:4    | Identified the cursed +1 robe of the Unseen Realm {rF+ rC+ Dex+3} (You found it on level 4 of a ziggurat)
 42258 | Zig:5    | Entered Level 5 of a ziggurat
 42322 | Zig:6    | Entered Level 6 of a ziggurat
 42331 | Zig:6    | Reached skill level 10 in Air Magic
 42331 | Zig:6    | Reached XP level 25. HP: 140/140 MP: 40/56
 42369 | Zig:6    | Learned a level 8 spell: Necromutation
 42370 | Zig:7    | Entered Level 7 of a ziggurat
 42435 | Zig:7    | Identified a scroll of acquirement
 42436 | Zig:7    | Identified the +3 cloak "Cidwuax" {+Inv rF+ rC++ Int-2 Dex+2} (You acquired it on level 7 of a ziggurat)
 42451 | Zig:8    | Entered Level 8 of a ziggurat
 42511 | Zig:9    | Entered Level 9 of a ziggurat
 42519 | Zig:9    | Reached skill level 5 in Transmutations
 42594 | Zig:9    | Thaneod: !lg 4thArraOfDagon
 42594 | Zig:9    | beem: 13740. 4thArraOfDagon the Invulnerable (L27 DDFE of Makhleb), escaped with the Orb and 15 runes on 2017-11-04 23:26:08, with 40195241 points after 36488 turns and 7:26:02.
 42598 | Zig:10   | Entered Level 10 of a ziggurat
 42603 | Zig:10   | Noticed a juggernaut
 42611 | Zig:10   | Killed a juggernaut
 42651 | Zig:10   | Reached XP level 26. HP: 147/147 MP: 56/56
 42653 | Zig:10   | Thaneod: necrom or statue:>?
 42656 | Zig:10   | Identified the amulet "Purottug" {rElec MR+ Regen+ Int+3} (You found it on level 10 of a ziggurat)
 42667 | Zig:10   | Identified the +2 pair of gloves of Eternal Night {-Cast +Blink +Inv} (You found it on level 10 of a ziggurat)
 42680 | Zig:11   | Entered Level 11 of a ziggurat
 42681 | Zig:11   | 4thArraOfDagon: necro
 42690 | Zig:11   | Noticed a juggernaut
 42692 | Zig:11   | Killed a juggernaut
 42734 | Zig:11   | Reached skill level 10 in Transmutations
 42734 | Zig:11   | Reached XP level 27. HP: 151/151 MP: 56/56
 42747 | Zig:11   | Identified the cursed +0 robe of Death's Door {Str+4} (You found it on level 11 of a ziggurat)
 42749 | Zig:11   | Reached skill level 15 in Necromancy
 42754 | Zig:11   | Identified the ring of Ahem {+Blink +Fly rF+ EV+6 Dex+3} (You found it on level 11 of a ziggurat)
 42763 | Zig:12   | Entered Level 12 of a ziggurat
 42814 | Zig:12   | Identified the Disquisition on Ghastly Venom
 42818 | Zig:13   | Entered Level 13 of a ziggurat
 42831 | Zig:13   | Found the cursed necklace of Bloodlust {*Rage +Rage MR++ Int-3 Slay+6 *Curse}
 42874 | Zig:13   | Identified the Tome of the Rocks and Augmentations
 42884 | Zig:13   | Reached skill level 15 in Air Magic
 42891 | Zig:14   | Entered Level 14 of a ziggurat
 42942 | Zig:14   | Identified the amulet of Oliha {Reflect rElec MR+ SH+4} (You found it on level 14 of a ziggurat)
 42945 | Zig:14   | Identified the amulet "Hamuo" {Faith Str+3} (You found it on level 14 of a ziggurat)
 42970 | Zig:14   | Identified the +2 fire dragon scales "Wywkim" {rF++ rC- rCorr} (You found it on level 14 of a ziggurat)
 42973 | Zig:15   | Entered Level 15 of a ziggurat
 42977 | Zig:15   | Received a gift from Nemelex Xobeh
 42985 | Zig:15   | You feel a surge of power! You miscast Ignition.
 42985 | Zig:15   | good moment
 42993 | Zig:15   | Found the +0 Maxwell's etheric cage {RegenMP+ *Contam rElec MP+4}
 42994 | Zig:15   | Thaneod: apportion and next lvl?
 43013 | Depths:3 | Thaneod: nice
 43013 | Depths:3 | 4thArraOfDagon: had to think for a bit haha
 43023 | Depths:3 | Thaneod: one miscast, and a lot of trouble
 43023 | Depths:3 | 4thArraOfDagon: now we are in the business
 43068 | Depths:3 | 4thArraOfDagon: one miscast will generate yellow?
 43068 | Depths:3 | 4thArraOfDagon: I didnt try this
 43068 | Depths:3 | 4thArraOfDagon: ??Maxwell
 43068 | Depths:3 | beem: maxwell[1/1]: See {maxwell's patent armour}, {maxwell's etheric cage}, or {maxwell's thermic engine}.
 43068 | Depths:3 | 4thArraOfDagon: ?Maxwell etheric cage
 43068 | Depths:3 | 4thArraOfDagon: ??Maxwell etheric cage
 43068 | Depths:3 | beem: Maxwell etheric cage ~ maxwell's etheric cage[1/1]: +0 rElec helmet that greatly increases MP regen but also multiplies contam gained by 2. Miscasts, haste and invisibility combined with this artifact are very likely to mutate you.
 43068 | Depths:3 | Thaneod: lol
 43349 | Crypt:1  | Entered Level 1 of the Crypt
 43351 | Crypt:1  | Thaneod: tomb?
 43394 | Crypt:1  | 4thArraOfDagon: ye
 43532 | Crypt:1  | 4thArraOfDagon: just white contam
 43532 | Crypt:1  | 4thArraOfDagon: not that bad
 43554 | Crypt:1  | Thaneod: no new muts?
 43557 | Crypt:1  | 4thArraOfDagon: no, just the old ones
 43559 | Crypt:2  | 4thArraOfDagon: yellow contam gives you muts
 43641 | Crypt:3  | Entered Level 3 of the Crypt
 43644 | Crypt:3  | Received a gift from Nemelex Xobeh
 43645 | Crypt:3  | Found a staircase to the Tomb.
 43705 | Crypt:3  | 4thArraOfDagon: besides, in necromutation you dont get mutations
 43705 | Crypt:3  | 4thArraOfDagon: but temporary stat loss
 43893 | Crypt:3  | Thaneod: rot?
 43903 | Crypt:3  | 4thArraOfDagon: ye
 43929 | Crypt:3  | 4thArraOfDagon: or degeneration
 43929 | Crypt:3  | 4thArraOfDagon: I dont know whats the difference :D
 43940 | Crypt:3  | Thaneod: :P
 44136 | Crypt:3  | Found an ancient bone altar of Kikubaaqudgha.
 44146 | Crypt:3  | Found a basalt altar of Yredelemnul.
 44153 | Crypt:3  | Identified the Compendium of the Engineer
 44173 | Crypt:3  | Identified the -7 pair of boots of the Well-Known Coins {rCorr Int+4 Dex+3} (You found it on level 3 of the Crypt)
 44174 | Crypt:3  | Identified the Disquisition on Confrontation and Bewitchment
 44352 | Tomb:1   | Entered Level 1 of the Tomb of the Ancients
 44433 | Tomb:1   | Thaneod: !lg Thaneid
 44436 | Tomb:1   | beem: No games for Thaneid.
 44440 | Tomb:1   | Thaneod: !lg Thaneod
 44440 | Tomb:1   | beem: 340. Thaneod the Hoplite (L20 MiGl of Trog), slain by an ironbrand convoker (a +0 great mace) on Vaults:4 on 2017-11-05 20:31:20, with 294177 points after 42826 turns and 1:38:58.
 44440 | Tomb:1   | 4thArraOfDagon: oh, nice :)
 44440 | Tomb:1   | Thaneod: hmm
 44440 | Tomb:1   | 4thArraOfDagon: fast
 44440 | Tomb:1   | Thaneod: i wanted
 44440 | Tomb:1   | 4thArraOfDagon: aaa, died, didnt see that :(
 44442 | Tomb:1   | Thaneod: last game
 44452 | Tomb:1   | Thaneod: miscast flame tongue
 44462 | Tomb:1   | Thaneod: fire vortex:)
 44507 | Tomb:1   | 4thArraOfDagon: oh, so bad :/
 44507 | Tomb:1   | 4thArraOfDagon: I never get punished by miscasts
 44507 | Tomb:1   | Thaneod: with 40 life everything will kill ya in 2 shots
 44507 | Tomb:1   | 4thArraOfDagon: even with etheric cage
 44507 | Tomb:1   | 4thArraOfDagon: ye
 44507 | Tomb:1   | 4thArraOfDagon: early game so random
 44507 | Tomb:1   | 4thArraOfDagon: Random City 24/7
 44556 | Tomb:1   | Thaneod: soo necrom is nice for pan leeching?
 44559 | Tomb:1   | 4thArraOfDagon: ye
 44559 | Tomb:1   | 4thArraOfDagon: but
 44559 | Tomb:1   | 4thArraOfDagon: you must have statue for switch
 44559 | Tomb:1   | 4thArraOfDagon: because some monsters have dispel undead
 44559 | Tomb:1   | 4thArraOfDagon: and drain mp
 44559 | Tomb:1   | 4thArraOfDagon: as a lich you cant drink so you must melee them
 44578 | Tomb:1   | Noticed Jory
 44583 | Tomb:1   | Killed Jory
 44583 | Tomb:1   | Reached skill level 5 in Dodging
 44594 | Tomb:1   | Thaneod: yeah
 44606 | Tomb:1   | Thaneod: with 150 life:)
 44618 | Tomb:1   | Thaneod: regen working?
 44625 | Tomb:1   | Received a gift from Nemelex Xobeh
 44645 | Tomb:1   | 4thArraOfDagon: or just go nemelex and draw tomb card :)
 44691 | Tomb:1   | Noticed a greater mummy
 44700 | Tomb:1   | 4thArraOfDagon: lets see
 44704 | Tomb:1   | Killed a greater mummy
 44772 | Tomb:1   | Thaneod: bennu will kill ya
 44789 | Tomb:1   | 4thArraOfDagon: chill :)
 44789 | Tomb:1   | Thaneod: like smiting
 44789 | Tomb:1   | 4thArraOfDagon: I have deaths door
 44789 | Tomb:1   | 4thArraOfDagon: and controlled nlimk
 44789 | Tomb:1   | 4thArraOfDagon: welcome to
 44789 | Tomb:1   | 4thArraOfDagon: Immortality City
 44789 | Tomb:1   | 4thArraOfDagon: :)
 44794 | Tomb:1   | Noticed a greater mummy
 44801 | Tomb:1   | Killed a greater mummy
 44866 | Tomb:1   | Noticed a greater mummy
 44875 | Tomb:1   | Killed a greater mummy
 44919 | Tomb:1   | Reached skill level 10 in Invocations
 44981 | Tomb:1   | 4thArraOfDagon: just be sure to cast deaths door at hp>0
 45014 | Tomb:1   | Thaneod: not working below 0?
 45014 | Tomb:1   | Thaneod: :)
 45014 | Tomb:1   | 4thArraOfDagon: :)
 45014 | Tomb:1   | 4thArraOfDagon: try?
 45153 | Tomb:1   | Noticed a greater mummy
 45159 | Tomb:1   | Killed a greater mummy
 45160 | Tomb:1   | Noticed a greater mummy
 45252 | Tomb:1   | Killed a greater mummy
 45315 | Tomb:1   | Noticed a greater mummy
 45317 | Tomb:1   | Killed a greater mummy
 45321 | Tomb:1   | Noticed a greater mummy
 45323 | Tomb:1   | Noticed a greater mummy
 45324 | Tomb:1   | Noticed a greater mummy
 45326 | Tomb:1   | Noticed a greater mummy
 45326 | Tomb:1   | Killed a greater mummy
 45328 | Tomb:1   | Noticed a greater mummy
 45329 | Tomb:1   | Killed a greater mummy
 45334 | Tomb:1   | Killed a greater mummy
 45334 | Tomb:1   | Killed a greater mummy
 45336 | Tomb:1   | Killed a greater mummy
 45560 | Tomb:3   | Entered Level 3 of the Tomb of the Ancients
 45569 | Tomb:3   | Found the +7 Kryia's mail coat {PotionHeal*2 rC+}
 45751 | Tomb:3   | Received a gift from Nemelex Xobeh
 45767 | Tomb:2   | Thaneod: :)
 45873 | Tomb:2   | 4thArraOfDagon: lets try rek mode
 45879 | Tomb:3   | Noticed a greater mummy
 45882 | Tomb:3   | Noticed a greater mummy
 45882 | Tomb:3   | Noticed a greater mummy
 45883 | Tomb:3   | Noticed a greater mummy
 45885 | Tomb:3   | Noticed a greater mummy
 45885 | Tomb:3   | Killed a greater mummy
 45886 | Tomb:3   | Noticed a greater mummy
 45886 | Tomb:3   | Killed a greater mummy
 45886 | Tomb:3   | Reached skill level 10 in Dodging
 45887 | Tomb:3   | Noticed a greater mummy
 45959 | Tomb:3   | Killed a greater mummy
 45959 | Tomb:3   | Killed a greater mummy
 45960 | Tomb:3   | Killed a greater mummy
 45961 | Tomb:3   | Killed a greater mummy
 45961 | Tomb:3   | Killed a greater mummy
 46063 | Tomb:3   | Identified the amulet "Ruefus" {Inacc MR+} (You found it on level 3 of the Tomb of the Ancients)
 46064 | Tomb:3   | Identified the Papyrus of Ice
 46067 | Tomb:3   | Identified the +7 battleaxe "Sappamoq" {distort, +Rage +Inv Dex-5} (You found it on level 3 of the Tomb of the Ancients)
 46082 | Tomb:3   | Noticed a greater mummy
 46094 | Tomb:3   | Noticed a greater mummy
 46095 | Tomb:3   | Killed a greater mummy
 46100 | Tomb:3   | Killed a greater mummy
 46156 | Tomb:3   | Got a golden rune of Zot
 46222 | Tomb:1   | Noticed a greater mummy
 46236 | Tomb:1   | Killed a greater mummy
 46469 | Vaults:5 | Noticed Boris
 46500 | Vaults:5 | Thaneod: uff
 46502 | Vaults:5 | 4thArraOfDagon: safe
 46598 | Vaults:5 | Reached skill level 15 in Invocations
 46680 | Vaults:5 | Found the +7 Spriggan's Knife {MR+ EV+4 Dex+4 Stlth+}
 46684 | Vaults:5 | Identified the ring "Haluzoih" {rCorr rN+++ Int-2 Stlth+} (You found it on level 5 of the Vaults)
 46748 | Vaults:5 | Killed Boris
 46876 | Vaults:5 | Identified the ring "Cieblois" {rC- MR+ Str+6 Dex+3} (You found it on level 5 of the Vaults)
 46888 | Vaults:5 | Learned a level 2 spell: Blink
 46892 | Vaults:5 | Identified the cursed +1 ring mail "Ronoalupt" {rC++} (You found it on level 5 of the Vaults)
 47135 | Vaults:5 | Reached skill level 10 in Fighting
 47152 | Vaults:5 | Got a silver rune of Zot
 47190 | Vaults:5 | Reached skill level 5 in Stealth
 47214 | Vaults:5 | Identified the Catalogue of Twisted Boosts
 47220 | Vaults:5 | Learned a level 2 spell: Sublimation of Blood
 47532 | Vaults:5 | Received a gift from Nemelex Xobeh
 48007 | Vaults:5 | Identified the +1 ring mail of the Snail {rC+ rCorr} (You took it off a deep elf high priest on level 5 of the Vaults)
 48035 | Vaults:5 | Learned a level 4 spell: Passage of Golubria
 48285 | D:15     | Thaneod: bb and gl!
 48297 | Depths:1 | 4thArraOfDagon: bye
 48373 | Pan      | Entered Pandemonium
 48418 | Pan      | Found an exit through the horrors of the Abyss.
 48507 | Pan      | Noticed Sasex the pandemonium lord
 48520 | Pan      | Received a gift from Nemelex Xobeh
 48648 | Pan      | Noticed Qeurchor the pandemonium lord
 48671 | Pan      | Reached skill level 10 in Stealth
 48769 | Pan      | Noticed Xutzycea the pandemonium lord
 48775 | Pan      | wow
 48779 | Zig:1    | Entered Level 1 of a ziggurat
 48878 | Zig:2    | Entered Level 2 of a ziggurat
 48890 | Zig:3    | Entered Level 3 of a ziggurat
 48890 | Zig:3    | Received a gift from Nemelex Xobeh
 48922 | Zig:4    | Entered Level 4 of a ziggurat
 48925 | Zig:4    | Noticed Wuth the pandemonium lord
 48948 | Zig:4    | Killed Wuth the pandemonium lord
 48959 | Zig:4    | Identified the ring of the Peculiar Suns {rN+ AC+1 Stlth+} (You found it on level 4 of a ziggurat)
 49023 | Zig:5    | Entered Level 5 of a ziggurat
 49051 | Zig:6    | Entered Level 6 of a ziggurat
 49110 | Zig:7    | Entered Level 7 of a ziggurat
 49138 | Zig:8    | Entered Level 8 of a ziggurat
 49153 | Zig:8    | Noticed an orb of fire
 49157 | Zig:8    | Lost mutation: You are robust. (+10% HP) [an orb of fire]
 49161 | Zig:8    | Gained mutation: Your magical capacity is low. (-10% MP) [an orb of fire]
 49162 | Zig:8    | Killed an orb of fire
 49167 | Zig:8    | Identified the +0 swamp dragon scales "Vimushu" {+Inv rElec rPois Str+4 Int-3} (You found it on level 8 of a ziggurat)
 49194 | Zig:9    | Entered Level 9 of a ziggurat
 49221 | Zig:10   | Entered Level 10 of a ziggurat
 49287 | Zig:11   | Entered Level 11 of a ziggurat
 49299 | Zig:11   | Found the +10 dark maul {crush}
 49329 | Zig:11   | Identified the amulet "Humaecs" {+Rage rN+} (You found it on level 11 of a ziggurat)
 49332 | Zig:12   | Entered Level 12 of a ziggurat
 49344 | Zig:12   | Noticed Asou the pandemonium lord
 49363 | Zig:12   | Noticed Aryerukhlul the pandemonium lord
 49370 | Zig:12   | Found the brooch of Shielding {Reflect SH+8}
 49371 | Zig:12   | Got an ancient robe
 49373 | Zig:13   | Entered Level 13 of a ziggurat
 49377 | Zig:13   | Identified the +2 robe of Time Monsters {Str+2} (You found it on level 12 of a ziggurat)
 49393 | Zig:13   | Received a gift from Nemelex Xobeh
 49419 | Zig:13   | Identified the cursed +0 leather armour of Relativism {Int+4 Dex+4} (You found it on level 13 of a ziggurat)
 49433 | Zig:13   | Identified the cursed +0 broad axe "Worm's Wrath" {antimagic, *Rage *Corrode +Inv rN+++} (You found it on level 13 of a ziggurat)
 49436 | Zig:14   | Entered Level 14 of a ziggurat
 49456 | Zig:14   | Reached skill level 15 in Dodging
 49484 | Zig:14   | Found the +3 robe of Clouds {+Fly rElec}
 49494 | Zig:15   | Entered Level 15 of a ziggurat
 49502 | Zig:15   | Noticed an ancient lich
 49506 | Zig:15   | Noticed an ancient lich
 49511 | Zig:15   | Killed an ancient lich
 49511 | Zig:15   | Reached skill level 15 in Stealth
 49511 | Zig:15   | Killed an ancient lich
 49515 | Zig:15   | Noticed an ancient lich
 49526 | Zig:15   | Killed an ancient lich
 49573 | Zig:15   | Identified the +1 robe of the Ant {rN+ Str-3 Int+3 Slay+2} (You found it on level 15 of a ziggurat)
 49587 | Zig:15   | Identified the Guide on Clay and Good Luck
 49593 | Zig:16   | Entered Level 16 of a ziggurat
 49603 | Zig:16   | Noticed Xunnos the pandemonium lord
 49609 | Zig:16   | Noticed Yduij the pandemonium lord
 49609 | Zig:16   | Noticed Ybbosm the pandemonium lord
 49611 | Zig:16   | Noticed Riowe the pandemonium lord
 49613 | Zig:16   | Noticed Heipseosk the pandemonium lord
 49613 | Zig:16   | Noticed Gomet the pandemonium lord
 49617 | Zig:16   | HP: 4/157 [Hell Sentinel (10)]
 49618 | Zig:17   | Entered Level 17 of a ziggurat
 49770 | Zig:18   | Entered Level 18 of a ziggurat
 49896 | Zig:18   | Identified the +0 pair of gloves "Jafiucy" {rPois MR+ Dex-2} (You found it on level 18 of a ziggurat)
 49906 | Zig:18   | Got a colourful robe
 49917 | Zig:18   | Identified the cursed +1 robe of Haat {rPois} (You found it on level 18 of a ziggurat)
 49957 | Zig:19   | Entered Level 19 of a ziggurat
 50058 | Zig:19   | Got a scorched steel ring
 50067 | Zig:19   | Got a coiled crystal amulet
 50089 | Zig:19   | Identified the ring "Humoocuc" {rPois rF+ Str+4 Int-3 Dex+3} (You found it on level 19 of a ziggurat)
 50095 | Zig:20   | Entered Level 20 of a ziggurat
 50167 | Zig:20   | Reached skill level 15 in Fighting
 50169 | Zig:20   | Got a polished cloak
 50180 | Zig:20   | Identified the +0 cloak of Wotycyre {*Drain +Blink rPois SInv} (You acquired it on level 20 of a ziggurat)
 50192 | Zig:21   | Entered Level 21 of a ziggurat
 50192 | Zig:21   | Received a gift from Nemelex Xobeh
 50473 | Zig:21   | Identified the amulet "Beshrod" {Inacc rF+ Dex+2 SInv} (You found it on level 19 of a ziggurat)
 50475 | Zig:21   | Got an ancient bone ring
 50499 | Zig:22   | Entered Level 22 of a ziggurat
 50605 | Zig:22   | Found the +3 hat of Pondering {ponderous, MR+ MP+10 Int+5}
 50624 | Zig:22   | pedritolo: jesus
 50667 | Zig:22   | Got a clouded wooden ring
 50669 | Zig:22   | Identified the ring of Anaj {MR+ MP+9} (You found it on level 22 of a ziggurat)
 50672 | Zig:22   | Got a heavily runed ivory ring
 50673 | Zig:22   | Identified the ring "Jeal" {+Fly Str+2 Dex+4} (You found it on level 22 of a ziggurat)
 50676 | Zig:22   | Identified the ring "Sagikyczie" {rCorr rF+ rN+ Str+6} (You found it on level 21 of a ziggurat)
 50810 | Pan      | Found an exit through the horrors of the Abyss.
 50845 | Pan      | Entered the realm of Mnoleg.
 50845 | Pan      | Found an exit through the horrors of the Abyss.
 50926 | Pan      | hmm
 51200 | Pan      | Got a glowing rune of Zot
 51380 | Pan      | Received a gift from Nemelex Xobeh
 51536 | Pan      | Noticed Fiatagev the pandemonium lord
 51585 | Pan      | Entered the realm of Gloorx Vloq.
 51604 | Pan      | Noticed Mnoleg
 51913 | Pan      | Noticed Gloorx Vloq
 51945 | Pan      | Got a dark rune of Zot
 52428 | Pan      | Noticed Mnoleg
 52506 | Pan      | Received a gift from Nemelex Xobeh
 52713 | Pan      | Noticed Kuosh the pandemonium lord
 52754 | Pan      | Received a gift from Nemelex Xobeh
 52912 | Pan      | Found an exit through the horrors of the Abyss.
 52912 | Pan      | Received a gift from Nemelex Xobeh
 53041 | Pan      | Entered the realm of Lom Lobon.
 53286 | Pan      | Received a gift from Nemelex Xobeh
 53335 | Pan      | Noticed Lom Lobon
 53374 | Pan      | Got a magical rune of Zot
 53417 | Pan      | Noticed Mnoleg
 53434 | Pan      | Gained mutation: Scrolls take you a little longer to read. [a cacodemon]
 53452 | Pan      | Lost mutation: Scrolls take you a little longer to read. [potion of mutation]
 53452 | Pan      | Lost mutation: Your magical capacity is low. (-10% MP) [potion of mutation]
 53452 | Pan      | Lost mutation: Your muscles are strong. (Str +2) [potion of mutation]
 53452 | Pan      | Gained mutation: You are dopey. (Int -2) [potion of mutation]
 53452 | Pan      | Gained mutation: You have very sharp fingernails. [potion of mutation]
 53652 | Pan      | Noticed Efoa the pandemonium lord
 53666 | Pan      | Entered the realm of Cerebov.
 53666 | Pan      | Received a gift from Nemelex Xobeh
 53680 | Pan      | Noticed Gloorx Vloq
 53877 | Pan      | Identified the ring "Jasat" {MP+9 Int+4} (You found it in Pandemonium)
 53878 | Pan      | Identified the amulet "Borodeq" {Faith Int+5 Dex+5} (You found it in Pandemonium)
 53926 | Pan      | Noticed Cerebov
 53929 | Pan      | Got a pair of scorched boots
 53940 | Pan      | Got a fiery rune of Zot
 54121 | Pan      | Identified the +2 pair of boots "Cesma Mer" {MR+ Str+3} (You found it in Pandemonium)
 54130 | Pan      | Received a gift from Nemelex Xobeh
 54390 | Pan      | Noticed a seraph
 54462 | Pan      | Found a glowing golden altar of the Shining One.
 54515 | Pan      | Killed a seraph
 54522 | Pan      | Got a demonic rune of Zot
 54577 | Pan      | Received a gift from Nemelex Xobeh
 54705 | Pan      | Found a white marble altar of Elyvilon.
 54820 | Pan      | Received a gift from Nemelex Xobeh
 54820 | Pan      | Noticed Lom Lobon
 54823 | Pan      | Noticed Gloorx Vloq
 54829 | Pan      | Noticed Mennas
 54848 | Pan      | Noticed Mnoleg
 54882 | Pan      | Noticed Cerebov
 54884 | Pan      | ohh
 54937 | Pan      | Sergey: hello
 54938 | Pan      | Noticed Cerebov
 54943 | Pan      | Found an exit through the horrors of the Abyss.
 54943 | Pan      | 4thArraOfDagon: hi
 54944 | Pan      | Sergey: why dont you use shield ?
 54944 | Pan      | Sergey: even buckler
 54946 | Pan      | Took an exit into the Abyss.
 54946 | Abyss:1  | Escaped into the Abyss
 54946 | Abyss:1  | 4thArraOfDagon: I have lajatang for switch
 54951 | Abyss:1  | Sergey: ok
 55002 | Abyss:4  | Received a gift from Nemelex Xobeh
 55006 | Abyss:4  | Got a pair of brightly glowing gloves
 55136 | Abyss:4  | Received a gift from Nemelex Xobeh
 55301 | Abyss:4  | Received a gift from Nemelex Xobeh
 55417 | Abyss:4  | Found a corrupted altar of Lugonu.
 55439 | Abyss:4  | Got an abyssal rune of Zot
 55488 | Abyss:4  | Received a gift from Nemelex Xobeh
 55643 | Abyss:4  | Received a gift from Nemelex Xobeh
 55683 | Depths:3 | Escaped the Abyss
 55738 | Hell     | Entered the Vestibule of Hell
 55738 | Hell     | Noticed Geryon
 55754 | Hell     | Killed Geryon
 55821 | Hell     | Found a gateway to the freezing wastes of Cocytus.
 55892 | Coc:1    | Entered Level 1 of Cocytus
 55961 | Coc:1    | Received a gift from Nemelex Xobeh
 55989 | Coc:2    | Found a huge runed gate.
 55989 | Coc:2    | Found a huge runed gate.
 55989 | Coc:2    | Found a huge runed gate.
 55989 | Coc:2    | Found a huge runed gate.
 55989 | Coc:2    | Found a huge runed gate.
 55989 | Coc:2    | Found a huge runed gate.
 55989 | Coc:2    | Found a huge runed gate.
 55989 | Coc:2    | Found a huge runed gate.
 56015 | Coc:2    | Found a huge runed gate.
 56016 | Coc:2    | Found a huge runed gate.
 56017 | Coc:2    | Found a huge runed gate.
 56057 | Coc:2    | Found a huge runed gate.
 56057 | Coc:2    | Found a huge runed gate.
 56057 | Coc:2    | Found a huge runed gate.
 56057 | Coc:2    | Found a huge runed gate.
 56057 | Coc:2    | Found a huge runed gate.
 56057 | Coc:2    | Found a huge runed gate.
 56058 | Coc:2    | Found a huge runed gate.
 56059 | Coc:2    | Found a huge runed gate.
 56060 | Coc:2    | Found a huge runed gate.
 56061 | Coc:2    | Found a huge runed gate.
 56064 | Coc:2    | Found a huge runed gate.
 56065 | Coc:2    | Found a huge runed gate.
 56066 | Coc:2    | Found a huge runed gate.
 56067 | Coc:2    | Found a huge runed gate.
 56068 | Coc:2    | Found a huge runed gate.
 56167 | Coc:3    | Received a gift from Nemelex Xobeh
 56205 | Coc:3    | Found a huge runed gate.
 56205 | Coc:3    | Found a huge runed gate.
 56205 | Coc:3    | Found a huge runed gate.
 56205 | Coc:3    | Found a huge runed gate.
 56205 | Coc:3    | Found a huge runed gate.
 56205 | Coc:3    | Found a huge runed gate.
 56205 | Coc:3    | Found a huge runed gate.
 56206 | Coc:3    | Found a huge runed gate.
 56206 | Coc:3    | Found a huge runed gate.
 56207 | Coc:3    | Found a huge runed gate.
 56208 | Coc:3    | Found a huge runed gate.
 56210 | Coc:3    | Found a huge runed gate.
 56242 | Coc:4    | You fall through a shaft for 2 floors!
 56248 | Coc:7    | Entered Level 7 of Cocytus
 56436 | Coc:7    | Got an icy rune of Zot
 56554 | Hell     | Found a gateway to the Iron City of Dis.
 56571 | Dis:1    | Entered Level 1 of the Iron City of Dis
 56646 | Dis:4    | Received a gift from Nemelex Xobeh
 56657 | Dis:4    | Identified the +2 pair of gloves of Twilight {*Drain +Inv rF+ rN++} (You acquired it on level 4 of the Abyss)
 56774 | Dis:4    | Received a gift from Nemelex Xobeh
 56986 | Dis:7    | Entered Level 7 of the Iron City of Dis
 57217 | Dis:7    | Received a gift from Nemelex Xobeh
 57456 | Dis:7    | Slain by an iron giant

Vault maps used:
D:1:      minmay_arrival_split_and_join, kennysheep_crisscross
D:2:      lemuel_doored_altar
D:3:      eat_drink_and_be_merry_uskayaw, overflow_temple_1_default, uniq_robin
D:4:      old_standard_altar, first_bread, nicolae_ossuary_entry_monument,
          uniq_menkaure
D:5:      elyvilon_altar_1, lemuel_round_altar, minmay_temple_entry_butterflies,
          serial_shops, nicolae_shop_behind_doors, uniq_crazy_yiuf_cottage
D:6:      nicolae_elemental_shop
D:7:      kennysheep_little_box, lemuel_round_altar,
          nemelex_xobeh_ov_fountains_minmay
D:8:      nicolae_ru_sacrificial_ziggurat, kennysheep_mini,
          hangedman_pestilent_swarm
D:9:      zin_academy, lair_entry_dummy, orc_0_dummy, minmay_gold_behind_fungi
D:10:     serial_shops, nicolae_shop_statue_plus
D:11:     nicolae_wwwww
D:12:     uniq_frances
D:13:     minmay_crystal_water, minmay_crystal_box
D:14:     david_vaults_2, serial_shops, shop, shop, serial_bayou_shore_b,
          statue_in_the_mist_lemuel, xom_redecorated
D:15:     gammafunk_depths_entry_grave, serial_ice, serial_ice_l, serial_ice_d,
          serial_ice_n, serial_ice_c, serial_ice_h, serial_ice_e,
          portal_ice_cave_entry_animals_and_master, minmay_misc_feat_tiny,
          grunt_ministairs_4
Lair:1:   basic_altar, nicolae_quartered_pool_super, minivault_23,
          minmay_stone_trees_medium, serial_bayou_shore_a, uniq_gastronok,
          uniq_erica
Lair:2:   shoals_dummy_entry, minmay_lair_oklob_chamber
Lair:3:   nicolae_spider_entry_orb_guardian
Lair:4:   minmay_hedge_maze, grunt_megastairs_1
Lair:5:   wad_woods_road_03, grunt_megastairs_2
Lair:6:   guppyfry_lair_end_dragon, hangedman_lair_tendril_chambers,
          slime_altar_1
Shoals:1: uniq_josephine
Shoals:2: serial_shops, nicolae_shop_waterfront, uniq_polyphemus
Shoals:3: serial_shops, nicolae_shop_waterfront, shop, st_cyclops
Shoals:4: shoals_end_grunt_ice, shoal_ilsuiw
Spider:2: hangedman_spider_mandibles, spider_trap
Spider:3: spider_trap, nicolae_arachne_temple
Spider:4: grunt_spider_rune_parallel
Orc:2:    grunt_orc_gardens, grunt_orc_garden, grunt_orc_garden,
          grunt_orc_garden, grunt_orc_garden
Elf:1:    serial_shops, shop_fountains, minmay_elf_annihilation,
          nicolae_elf_w_pinch
Elf:2:    serial_shops, nicolae_shop_behind_doors, lemuel_blue_sif_altar
Elf:3:    elf_hall, uniq_nikola
Vaults:1: nicolae_vaults_c_with_doors, nicolae_vaults_alarming, v_pattern_4,
          vaults_standard_mumra_lines, grunt_vaults_focal, serial_ice_m,
          hangedman_vaults_stagger, hangedman_vaults_locks,
          nicolae_vaults_puzzle_piece, nicolae_vaults_angled_halls,
          nicolae_vaults_little_squares_2, ontoclasm_vaults_pinch, serial_shops,
          shop_coins, uniq_aizul
Vaults:2: v_misc_16, v_misc_2, v_misc_10, v_misc_13,
          nicolae_vaults_ring_of_whatevers
Vaults:3: nicolae_vaults_little_squares_4, nicolae_vaults_little_squares_3,
          ontoclasm_vaults_fault, minmay_crypt_entry_necro_gods,
          grunt_vaults_bifocal, ontoclasm_vaults_gateway, ontoclasm_vaults_eye,
          vaults_standard_mumra_x, vaults_room_boxed, ontoclasm_vaults_spin,
          nicolae_vaults_meeting, nicolae_vaults_little_squares_6,
          dpeg_vaults_monster_row, ontoclasm_vaults_loading_screen,
          nicolae_vaults_arrows, nicolae_vaults_little_squares_2,
          vaults_dpeg_encased_lava
Vaults:4: ontoclasm_vaults_claustrophobia, vaults_room_octagon, v_misc_3,
          nicolae_vaults_display_case, nicolae_vaults_three_branches,
          vaults_mumra_hexcomb, vaults_room_semicircle, vaults_dpeg_hooks,
          vaults_dpeg_ring
Vaults:5: uniq_boris
Crypt:1:  grunt_crypt_arrival_webbed
Crypt:2:  uniq_jorgrun
Crypt:3:  lightli_unholy_cathedral, minigarden_bobbens
Tomb:1:   uniq_jory
Depths:1: serial_sigils_hangedman_confine, hellmouth_1, abyss_entry,
          grunt_ministairs_13, minmay_holes, minmay_door_square,
          minmay_misc_feat_pillars, nrook_kobold_shadow_demons
Depths:2: kennysheep_gozag_temple, serial_shops,
          nicolae_shop_overgrown_old_shop, lightli_too_deep
Depths:3: minmay_tri_stars, minmay_misc_feat_encased,
          nicolae_abyss_entry_one_way_or_another, hell_entry,
          rand_demon_pan_entry_5, infiniplex_staircase_squiggle
Depths:4: kennysheep_windowed_halls, enter_ziggurat_d, abyss_entry, hell_entry,
          serial_glass, glass_columns_c, glass_columns_a, glass_columns_a,
          glass_columns_b, glass_columns_a, serial_shops, nicolae_shop_crystal,
          minmay_misc_feat_diagonals, serial_bayou_ford_a,
          minmay_staircase_windowed_small, uniq_sojobo
Depths:5: grunt_zot_entry_tricorne, serial_sigils,
          serial_sigils_hangedman_carve, serial_sigils_hangedman_etch,
          serial_sigils_hangedman_gut, serial_sigils_hangedman_gnaw,
          serial_sigils_hangedman_quiver, hell_entry, serial_bayou_shore_b,
          uniq_margery
Dis:2:    kennysheep_iron_temple
Dis:3:    hangedman_dis_decor_blocks_talon, evilmike_ambush
Dis:7:    dis_grunt_layers
Coc:2:    door_vault
Coc:3:    door_vault
Coc:7:    coc_mu
Abyss:2:  hangedman_stitches_earthworm
Abyss:3:  nicolae_abyss_rune_star_stuff
Abyss:4:  hangedman_abyss_or_decor_slice, evilmike_abyss_exit_14
Pan:      evilmike_mini_pan_layers, nicolae_pan_hourglass, evilmike_mini_pan_T,
          mnoleg_grunt_wretched_star, pan_blood_fountain_small,
          nicolae_pan_gloorx_vloqian_2, evilmike_mini_pan_thingy, gloorx_vloq,
          uniq_mnoleg, reaverb_pan_squares, evilmike_mini_pan_corridor,
          rand_demon_2, lemuel_hall_of_pain, uniq_mnoleg,
          evilmike_mini_pan_doors, pan_blood_fountain, uniq_mennas_pan,
          rand_demon_9, pan_blood_fountain, nicolae_pan_glass_arcs,
          pan_blood_fountain_small, nicolae_pan_sigil_itan, lom_lobon,
          grunt_pan_zigzag, uniq_mnoleg, nicolae_pan_mnolegish_5,
          grunt_pan_spiral, uniq_gloorx_vloq, cerebov_grunt_fire_and_steel,
          uniq_gloorx_vloq, nicolae_pan_giant_door, uniq_mnoleg,
          pan_blood_fountain, evilmike_mini_pan_doors_b, uniq_gloorx_vloq,
          uniq_mnoleg, evilmike_holy_pan, rand_demon_4, uniq_mnoleg,
          uniq_cerebov, uniq_mennas_pan, uniq_lom_lobon, uniq_gloorx_vloq,
          nicolae_pan_gloorx_vloqian_2, grunt_pan_in_and_out, uniq_mennas_pan,
          uniq_mnoleg, uniq_cerebov, nicolae_pan_hourglass, uniq_lom_lobon,
          uniq_cerebov
Zig:7:    ziggurat_pillar_centre_oklobs
Zig:8:    ziggurat_pillar_centre_dead_trees
Zig:15:   ziggurat_pillar_centre_c
Zig:18:   ziggurat_pillar_centre_smoke
Zig:22:   ziggurat_pillar_centre_drop
Ossuary:  ossuary_minmay_tomb_2a
IceCv:    ice_cave_caverns_01

Skill      XL: |  1  2  3  4  5  6  7  8  9 10 11 12 13 14 15 16 17 18 19 20 21 22 23 24 25 26 27 |
---------------+----------------------------------------------------------------------------------+-----
Fighting       | 1 2 4 5 22 | 22.3
Evocations     | 4 7 10 | 10.0
Short Blades   | 2 |  2.1
Hexes          | 1 |  1.0
Slings         | 2 3 5 6 7 |  7.1
Invocations    | 2 4 5 7 22 | 22.2
Spellcasting   | 2 7 9 10 12 14 18 19 20 21 22 23 24 25 27 | 27.0
Fire Magic     | 6 9 11 12 15 | 15.9
Conjurations   | 6 10 11 14 | 14.6
Earth Magic    | 3 6 13 18 20 | 20.0
Transmutations | 2 8 10 11 | 11.6
Air Magic      | 2 7 10 22 | 22.1
Translocations | 11 15 | 15.2
Necromancy     | 6 12 14 15 | 15.1
Dodging        | 4 17 | 17.0
Charms         | 6 14 | 14.8
Stealth        | 24 | 24.0
Ice Magic      | |  0.7

Action                   |  1- 3 |  4- 6 |  7- 9 | 10-12 | 13-15 | 16-18 | 19-21 | 22-24 | 25-27 || total
-------------------------+-------+-------+-------+-------+-------+-------+-------+-------+-------++-------
Melee: Short sword       |   249 |    26 |       |       |       |       |       |       |       ||   275
       Staff             |       |       |       |       |     4 |       |     1 |     2 |     3 ||    10
       Battleaxe         |       |       |       |       |       |     3 |       |       |       ||     3
       Lajatang          |       |       |       |       |       |       |    30 |       |     3 ||    33
 Fire: Hunting sling     |       |    85 |   888 |   891 |       |       |       |       |       ||  1864
Throw: Stone             |     3 |       |       |       |       |       |       |       |       ||     3
 Cast: Sticky Flame      |       |       |       |    55 |    51 |    53 |    50 |     2 |       ||   211
       Bolt of Magma     |       |       |       |    47 |   119 |   151 |    36 |       |       ||   353
       Conjure Flame     |       |       |       |    14 |    33 |       |       |       |       ||    47
       Inner Flame       |       |       |       |     1 |       |       |       |       |       ||     1
       Iron Shot         |       |       |       |       |     2 |     7 |   149 |    81 |   510 ||   749
       Orb of Destructio |       |       |       |       |    98 |   279 |   133 |    50 |   477 ||  1037
       Bolt of Fire      |       |       |       |       |       |   105 |   122 |    66 |       ||   293
       Statue Form       |       |       |       |       |       |    19 |    48 |    11 |       ||    78
       Ignition          |       |       |       |       |       |     2 |    93 |    87 |   189 ||   371
       Shatter           |       |       |       |       |       |     6 |     8 |     4 |    41 ||    59
       Apportation       |       |       |       |       |       |       |    13 |     6 |    64 ||    83
       Regeneration      |       |       |       |       |       |       |    15 |    17 |    89 ||   121
       Controlled Blink  |       |       |       |       |       |       |     2 |     3 |    35 ||    40
       Death's Door      |       |       |       |       |       |       |       |       |     9 ||     9
       Tornado           |       |       |       |       |       |       |       |       |   128 ||   128
       Necromutation     |       |       |       |       |       |       |       |       |    89 ||    89
       Passage of Golubr |       |       |       |       |       |       |       |       |    75 ||    75
Invok: Stack Five        |       |       |       |     1 |     6 |     3 |     7 |     3 |     8 ||    28
 Abil: End Transformatio |       |       |       |       |       |     1 |    19 |     5 |    17 ||    42
Evoke: Wand              |    29 |    10 |    27 |     9 |     4 |     2 |     1 |     2 |    23 ||   107
       Deck              |       |       |     5 |    39 |     2 |     7 |     5 |     7 |    12 ||    77
       Box of beasts     |       |       |       |     1 |       |       |       |       |     6 ||     7
       Staff of energy   |       |       |       |    57 |   424 |  1074 |  1145 |   514 |  1576 ||  4790
       Crystal ball of e |       |       |       |       |       |       |       |    13 |     2 ||    15
       Figurine of a zig |       |       |       |       |       |       |       |       |     1 ||     1
  Use: Scroll            |     3 |     3 |     7 |     9 |    15 |    18 |    19 |     7 |    55 ||   136
       Potion            |       |       |       |       |    11 |    11 |    11 |     4 |    29 ||    66
 Stab: Sleeping          |     1 |       |       |       |       |       |       |       |       ||     1
  Eat: Chunk             |     3 |     2 |    10 |    14 |    28 |    48 |    24 |    29 |       ||   158
       Fruit             |     2 |       |     3 |     8 |       |     7 |     7 |     2 |     7 ||    36
       Royal jelly       |       |       |     2 |     5 |     8 |     1 |     4 |       |    13 ||    33
       Bread ration      |       |       |     1 |       |       |     6 |    11 |     3 |     9 ||    30
       Meat ration       |       |       |       |       |       |       |     3 |       |     1 ||     4
Armor: Ring mail         |   101 |    10 |    69 |    39 |       |       |       |       |       ||   219
       Troll leather arm |       |       |       |   130 |    43 |       |       |       |       ||   173
       Robe              |       |       |       |       |    13 |    67 |    32 |    38 |   219 ||   369
       Skin              |       |       |       |       |       |   211 |   397 |    58 |       ||   666
Dodge: Dodged            |   137 |    25 |    70 |   254 |    86 |   238 |   339 |   131 |  1274 ||  2554
Block: Other             |       |       |       |    37 |       |       |       |       |       ||    37
       Reflection        |       |       |       |     3 |       |       |       |       |       ||     3

Table legend:
 A = Spawn XP
 B = Non-spawn XP
 C = Spawn XP percentage of total XP
 D = Spawn monster count
 E = Non-spawn monster count
 F = Spawn count percentage of total count
 G = Total turns spent on level
                    A         B        C        D         E        F      G
               +---------+---------+-------+---------+---------+-------+---------
         Total |   61101 | 2726921 |   2.2 |      97 |    3817 |   2.5 | 57456
               +---------+---------+-------+---------+---------+-------+---------
           D:1 |       0 |      39 |   0.0 |       0 |      23 |   0.0 |   853
           D:2 |       0 |      43 |   0.0 |       0 |      20 |   0.0 |   792
           D:3 |       0 |     186 |   0.0 |       0 |      23 |   0.0 |   776
           D:4 |       0 |     410 |   0.0 |       0 |      11 |   0.0 |  1179
           D:5 |       0 |    1064 |   0.0 |       0 |      35 |   0.0 |   939
           D:6 |       0 |     706 |   0.0 |       0 |      13 |   0.0 |  1015
           D:7 |       0 |    1068 |   0.0 |       0 |      33 |   0.0 |  1330
           D:8 |       0 |    1379 |   0.0 |       0 |      26 |   0.0 |   886
           D:9 |       0 |    1474 |   0.0 |       0 |      36 |   0.0 |  1419
          D:10 |       0 |    1125 |   0.0 |       0 |      21 |   0.0 |  1069
          D:11 |       0 |    2580 |   0.0 |       0 |      21 |   0.0 |   773
          D:12 |       0 |    6019 |   0.0 |       0 |      45 |   0.0 |  1173
          D:13 |       0 |   13552 |   0.0 |       0 |      41 |   0.0 |   805
          D:14 |       0 |   15637 |   0.0 |       0 |      54 |   0.0 |   728
          D:15 |       0 |   25153 |   0.0 |       0 |      82 |   0.0 |   759
        Lair:1 |       0 |    1992 |   0.0 |       0 |      11 |   0.0 |   519
        Lair:2 |       0 |    2452 |   0.0 |       0 |      11 |   0.0 |   584
        Lair:3 |       0 |    5668 |   0.0 |       0 |      21 |   0.0 |   757
        Lair:4 |       0 |    4910 |   0.0 |       0 |      14 |   0.0 |   583
        Lair:5 |       0 |    6647 |   0.0 |       0 |      27 |   0.0 |   628
        Lair:6 |       0 |   16951 |   0.0 |       0 |      65 |   0.0 |  1216
      Shoals:1 |       0 |   18788 |   0.0 |       0 |      44 |   0.0 |   869
      Shoals:2 |       0 |   25542 |   0.0 |       0 |      48 |   0.0 |   789
      Shoals:3 |       0 |   21863 |   0.0 |       0 |      42 |   0.0 |   738
      Shoals:4 |       0 |   38194 |   0.0 |       0 |      56 |   0.0 |   978
      Spider:1 |       0 |   14958 |   0.0 |       0 |      40 |   0.0 |   551
      Spider:2 |       0 |    7187 |   0.0 |       0 |      23 |   0.0 |   538
      Spider:3 |       0 |   34823 |   0.0 |       0 |      76 |   0.0 |  1043
      Spider:4 |       0 |   47810 |   0.0 |       0 |     102 |   0.0 |  1288
       Slime:1 |       0 |    6622 |   0.0 |       0 |       7 |   0.0 |    76
       Slime:2 |       0 |    7129 |   0.0 |       0 |      15 |   0.0 |   357
       Slime:3 |       0 |   11651 |   0.0 |       0 |      21 |   0.0 |   377
       Slime:4 |       0 |   10005 |   0.0 |       0 |      25 |   0.0 |   372
       Slime:5 |       0 |   51606 |   0.0 |       0 |      54 |   0.0 |   713
         Orc:1 |       0 |    6729 |   0.0 |       0 |      27 |   0.0 |  1545
         Orc:2 |       0 |    4483 |   0.0 |       0 |      20 |   0.0 |  1079
         Elf:1 |       0 |   21173 |   0.0 |       0 |      33 |   0.0 |   885
         Elf:2 |       0 |   34516 |   0.0 |       0 |      45 |   0.0 |  1044
         Elf:3 |       0 |   59210 |   0.0 |       0 |      48 |   0.0 |  1936
      Vaults:1 |       0 |   60367 |   0.0 |       0 |      98 |   0.0 |   818
      Vaults:2 |       0 |   15081 |   0.0 |       0 |      37 |   0.0 |   854
      Vaults:3 |       0 |   44576 |   0.0 |       0 |      61 |   0.0 |   782
      Vaults:4 |       0 |   51017 |   0.0 |       0 |      83 |   0.0 |  1111
      Vaults:5 |       0 |  182330 |   0.0 |       0 |     146 |   0.0 |  1738
       Crypt:1 |       0 |    9790 |   0.0 |       0 |      16 |   0.0 |   235
       Crypt:2 |       0 |    8670 |   0.0 |       0 |      12 |   0.0 |   143
       Crypt:3 |       0 |   58887 |   0.0 |       0 |      50 |   0.0 |   742
        Tomb:1 |       0 |  124618 |   0.0 |       0 |      86 |   0.0 |  1084
        Tomb:2 |       0 |   10507 |   0.0 |       0 |      17 |   0.0 |   567
        Tomb:3 |       0 |   88080 |   0.0 |       0 |      74 |   0.0 |   209
      Depths:1 |       0 |   46583 |   0.0 |       0 |      54 |   0.0 |   766
      Depths:2 |       0 |   40675 |   0.0 |       0 |      46 |   0.0 |  1211
      Depths:3 |       0 |   43960 |   0.0 |       0 |      38 |   0.0 |  1035
      Depths:4 |       0 |   56686 |   0.0 |       0 |      49 |   0.0 |   987
      Depths:5 |       0 |   41210 |   0.0 |       0 |      36 |   0.0 |   793
          Hell |       0 |   66069 |   0.0 |       0 |      98 |   0.0 |   216
         Dis:1 |       0 |    1487 |   0.0 |       0 |       1 |   0.0 |    26
         Dis:3 |       0 |    1947 |   0.0 |       0 |       7 |   0.0 |    32
         Dis:4 |       0 |   30065 |   0.0 |       0 |      47 |   0.0 |   232
         Dis:5 |       0 |    1415 |   0.0 |       0 |       1 |   0.0 |    32
         Dis:6 |       0 |    5932 |   0.0 |       0 |      11 |   0.0 |    76
         Dis:7 |       0 |   60836 |   0.0 |       0 |      58 |   0.0 |   470
         Coc:1 |       0 |    2686 |   0.0 |       0 |       6 |   0.0 |    74
         Coc:2 |       0 |   33136 |   0.0 |       0 |      47 |   0.0 |   128
         Coc:3 |       0 |   30136 |   0.0 |       0 |      36 |   0.0 |   130
         Coc:4 |       0 |      10 |   0.0 |       0 |       1 |   0.0 |    18
         Coc:6 |       0 |    3019 |   0.0 |       0 |       4 |   0.0 |     6
         Coc:7 |       0 |   44309 |   0.0 |       0 |      73 |   0.0 |   251
       Abyss:2 |    2484 |     832 |  74.9 |       1 |       1 |  50.0 |    27
       Abyss:4 |   38034 |   37270 |  50.5 |      68 |      46 |  59.6 |   681
           Pan |   20583 |  267306 |   7.1 |      28 |     294 |   8.7 |  4641
         Zig:1 |       0 |    3508 |   0.0 |       0 |       4 |   0.0 |   147
         Zig:2 |       0 |    7587 |   0.0 |       0 |       4 |   0.0 |    50
         Zig:3 |       0 |    3233 |   0.0 |       0 |       8 |   0.0 |    54
         Zig:4 |       0 |   16188 |   0.0 |       0 |      11 |   0.0 |   144
         Zig:5 |       0 |   11323 |   0.0 |       0 |      15 |   0.0 |    92
         Zig:6 |       0 |   17422 |   0.0 |       0 |      15 |   0.0 |   107
         Zig:7 |       0 |   17074 |   0.0 |       0 |      29 |   0.0 |   109
         Zig:8 |       0 |   26959 |   0.0 |       0 |      26 |   0.0 |   116
         Zig:9 |       0 |   27461 |   0.0 |       0 |      36 |   0.0 |   114
        Zig:10 |       0 |   33477 |   0.0 |       0 |      47 |   0.0 |   148
        Zig:11 |       0 |   37025 |   0.0 |       0 |      53 |   0.0 |   128
        Zig:12 |       0 |   28351 |   0.0 |       0 |      21 |   0.0 |    96
        Zig:13 |       0 |   50214 |   0.0 |       0 |      53 |   0.0 |   136
        Zig:14 |       0 |   56849 |   0.0 |       0 |      54 |   0.0 |   140
        Zig:15 |       0 |   88754 |   0.0 |       0 |      39 |   0.0 |   129
        Zig:16 |       0 |     241 |   0.0 |       0 |       1 |   0.0 |    25
        Zig:17 |       0 |   37978 |   0.0 |       0 |      47 |   0.0 |   152
        Zig:18 |       0 |   39670 |   0.0 |       0 |      42 |   0.0 |   187
        Zig:19 |       0 |   46506 |   0.0 |       0 |      47 |   0.0 |   138
        Zig:20 |       0 |   40398 |   0.0 |       0 |      62 |   0.0 |    97
        Zig:21 |       0 |   47966 |   0.0 |       0 |      87 |   0.0 |   307
        Zig:22 |       0 |   74575 |   0.0 |       0 |      67 |   0.0 |   212
         IceCv |       0 |   13326 |   0.0 |       0 |      56 |   0.0 |   503
               +---------+---------+-------+---------+---------+-------+---------
